 Dungeon Crawl Stone Soup version 0.22-a0-69-g116c2a8 (console) character file.

1844701 Evablue the Conqueror (level 27, 0/214 HPs)
             Began as a Gargoyle Berserker on Jan 10, 2018.
             Was the Champion of Zin.
             Slain by a phantasmal warrior (5 damage)
             ... while paralysed by a floating eye
             ... on level 17 of a ziggurat on Jan 12, 2018.
             The game lasted 15:04:25 (199258 turns).

Evablue the Conqueror (Gargoyle Berserker)        Turns: 199258, Time: 15:04:25

Health: 0/214      AC: 66    Str: 31    XL:     27
Magic:  34/54      EV:  2    Int: 17    God:    Zin [******]
Gold:   23765      SH:  0    Dex: 21    Spells: 2/80 levels left

rFire    + + +     SeeInvis +   y - +9 sacred scourge (holy)
rCold    + + +     Gourm    .   r - +7 large shield of Lifelessness {Dex+6}
rNeg     + + +     Faith    .   a - +12 gold dragon scales
rPois    ∞         Spirit   .   g - -2 hat of the Alchemist {rElec rPois rF+ rC+ rN+ MR+ rMut rCorr}
rElec    +         Reflect  .   x - scarf {rC+ rF+}
rCorr    +         Harm     .   u - +3 pair of gauntlets of War {Slay+5}
rMut     +                      z - +2 pair of boots {run}
MR       +++..                  K - amulet of Vitality {Regen+ HP+15}
Stlth    ..........             J - ring "Rifrok" {Int+7 Dex+3 SInv Stlth-}
HPRegen  0.85/turn              O - ring "Lewnas" {rN+ Dex+2 Slay+2}
MPRegen  0.34/turn

@: paralysed, flying, very slightly contaminated, slowed, quick
A: big wings, negative energy resistance 1, electricity resistance, unbreathing,
petrification resistance, rot immunity, AC +20
}: 15/15 runes: decaying, serpentine, slimy, silver, golden, iron, obsidian,
icy, bone, abyssal, demonic, glowing, magical, fiery, dark
a: Stop Flying, Recite, Vitalisation, Imprison, Sanctuary, Donate Gold, Renounce
Religion


You were on level 17 of a ziggurat.
You worshipped Zin.
Zin was exalted by your worship.
You were not hungry.

You visited 18 branches of the dungeon, and saw 89 of its levels.
You visited Pandemonium 9 times, and saw 85 of its levels.
You visited the Abyss 8 times.
You visited 1 ziggurat, and saw 17 of its levels.
You also visited: Trove, Sewer and Volcano.

You collected 25404 gold pieces.
You spent 1433 gold pieces at shops.
You donated 206 gold pieces to Zin.

Inventory:

Hand Weapons
 e - the +9 eveningstar of Guile {crush, Dex+2}
   (You found it in a treasure trove)

   It inflicts extra damage upon your enemies.
   It affects your dexterity (+2).
 y - a +9 sacred scourge of holy wrath (weapon)
Armour
 a - +12 gold dragon scales (worn)
 g - the -2 hat of the Alchemist (worn) {rElec rPois rF+ rC+ rN+ MR+ rMut rCorr}
   (You bought it in a shop on level 2 of the Orcish Mines)

   It protects you from fire.
   It protects you from cold.
   It insulates you from electricity.
   It protects you from poison.
   It protects you from negative energy.
   It affects your resistance to hostile enchantments.
   It protects you from acid and corrosion.
   It protects you from mutation.
 r - the +7 large shield of Lifelessness (worn) {Dex+6}
   (You took it off a daeva in Pandemonium)

   It affects your dexterity (+6).
 u - the +3 pair of gauntlets of War (worn) {Slay+5}
   (You found it on level 7 of Gehenna)

   It affects your accuracy and damage with ranged weapons and melee attacks
   (+5).
 x - a scarf of resistance (worn)
 z - a +2 pair of boots of running (worn)
 S - a +6 large shield of resistance
Magical Staves
 D - an uncursed staff of wizardry
Jewellery
 b - the ring "Huciko" {rPois rF+ Int+5 SInv}
   (You found it on level 2 of the Snake Pit)

   [ring of protection from fire]

   It affects your intelligence (+5).
   It protects you from fire.
   It protects you from poison.
   It lets you see invisible.
 i - a +3 ring of dexterity
 o - the ring of Beauty {rPois rC+ MR+ Str+2}
   (You found it on level 7 of a ziggurat)

   [ring of strength]

   It affects your strength (+2).
   It protects you from cold.
   It protects you from poison.
   It affects your resistance to hostile enchantments.
 v - the ring "Coumuan" {-Tele Str+4 Int+9 Dex+2 Stlth+}
   (You found it on level 3 of the Tomb of the Ancients)

   [ring of strength]

   It affects your strength (+4).
   It affects your intelligence (+9).
   It affects your dexterity (+2).
   It prevents most forms of teleportation.
   It makes you more stealthy.
 J - the ring "Rifrok" (left hand) {Int+7 Dex+3 SInv Stlth-}
   (You found it on level 5 of a ziggurat)

   [ring of see invisible]

   It affects your intelligence (+7).
   It affects your dexterity (+3).
   It lets you see invisible.
   It makes you less stealthy.
 K - the amulet of Vitality (around neck) {Regen+ HP+15}
   (You found it on level 1 of the Swamp)

   [amulet of regeneration]

   It affects your health (+15).
   It increases your rate of regeneration.
 O - the ring "Lewnas" (right hand) {rN+ Dex+2 Slay+2}
   (You found it on level 3 of the Crypt)

   [ring of dexterity]

   It affects your dexterity (+2).
   It affects your accuracy and damage with ranged weapons and melee attacks
   (+2).
   It protects you from negative energy.
 R - the ring of the Townfolk {*Drain rElec rPois Int+6 Dex+2}
   (You found it on level 2 of the Snake Pit)

   [ring of poison resistance]

   It affects your intelligence (+6).
   It affects your dexterity (+2).
   It insulates you from electricity.
   It protects you from poison.
   It causes draining when unequipped.
 T - the ring of Hazach {rC+ MR+ Str+3 Int+5}
   (You found it on level 5 of a ziggurat)

   [ring of strength]

   It affects your strength (+3).
   It affects your intelligence (+5).
   It protects you from cold.
   It affects your resistance to hostile enchantments.
Wands
 s - a wand of iceblast (99)
 A - a wand of acid (94)
 Q - a wand of disintegration (66)
 U - a wand of scattershot (36)
 V - a wand of paralysis (140)
 Y - a wand of digging (9)
Scrolls
 k - 23 scrolls of blinking
 m - 89 scrolls of remove curse
 n - 22 scrolls of fear
 p - 37 scrolls of teleportation
 B - 21 scrolls of amnesia
 F - 6 scrolls of summoning
 G - 51 scrolls of identify
 H - 12 scrolls of silence
 I - 9 scrolls of holy word
 P - 28 scrolls of fog
 X - 7 scrolls of enchant weapon
Potions
 d - 56 potions of curing
 f - 7 potions of magic
 h - 19 potions of heal wounds
 q - 16 potions of agility
 t - 18 potions of might
 E - 4 potions of mutation
 L - 21 potions of cancellation
 M - 18 potions of haste
 N - 10 potions of brilliance
 Z - 11 potions of resistance
Miscellaneous
 j - a lightning rod (4/4)
 l - a phial of floods
 w - a fan of gales
 C - a lamp of fire
 W - 13 sacks of spiders
Comestibles
 c - 162 rations


   Skills:
 O Level 27 Fighting
 O Level 27 Maces & Flails
 O Level 27 Armour
 O Level 27 Dodging
 - Level 16.1 Stealth
 O Level 27 Shields
 O Level 27 Spellcasting
 O Level 27 Conjurations
 + Level 20.7 Hexes
 - Level 9.0 Charms
 - Level 1.4 Summonings
 - Level 16.9 Translocations
 O Level 27 Ice Magic
 - Level 5.9 Air Magic
 O Level 27 Earth Magic
 O Level 27 Invocations
 O Level 27 Evocations


You had 2 spell levels left.
You knew the following spells:

 Your Spells              Type           Power        Failure   Level  Hunger
a - Lee's Rapid Deconstr  Erth           #######...   0%          5    None
b - Blink                 Tloc           N/A          0%          2    None
c - Controlled Blink      Tloc           N/A          41%         8    ######.
d - Summon Butterflies    Summ           ####....     4%          1    None
e - Spectral Weapon       Hex/Chrm       ######..     1%          3    None
f - Discord               Hex            #######...   13%         8    ######.
g - Darkness              Hex            #######...   1%          6    ###....
h - Shatter               Erth           #######...   26%         9    #######
i - Iron Shot             Conj/Erth      #######...   1%          6    ###....
j - Freezing Cloud        Conj/Ice/Air   ######....   1%          6    ###....
k - Ozocubu's Refrigerat  Ice            #######...   1%          6    ###....
l - Bolt of Cold          Conj/Ice       #######...   1%          6    ###....
m - Metabolic Englaciati  Hex/Ice        #######...   1%          5    None
n - Gell's Gravitas       Tloc           ######....   1%          3    None
o - Fulminant Prism       Conj/Hex       #######...   0%          4    None


Dungeon Overview and Level Annotations

Branches:
Dungeon (15/15)            Temple (1/1) D:4            Lair (6/6) D:9
  Swamp (4/4) Lair:2        Snake (4/4) Lair:3        Slime (5/5) Lair:5
    Orc (2/2) D:11            Elf (3/3) Orc:2        Vaults (5/5) D:13
  Crypt (3/3) Vaults:2       Tomb (3/3) Crypt:3      Depths (5/5) D:15
   Hell (1/1)                 Dis (7/7) Hell            Geh (7/7) Hell
    Coc (7/7) Hell            Tar (7/7) Hell            Zot (5/5) Depths:5

Altars:
Ashenzari
Cheibriados
Dithmenos
Elyvilon
Fedhas
Gozag
Hepliaklqana
Kikubaaqudgha
Makhleb
Nemelex Xobeh
Okawaru
Qazlal
Ru
Sif Muna
Trog
Uskayaw
Vehumet
Wu Jian
Xom
Yredelemnul
Zin
The Shining One
Beogh

Shops:
D:6 %   Orc:1 =   Orc:2 [[([   Elf:1 ?   Snake:2 =}=   Vaults:2 (%
Vaults:4 (*

Portals:
Hell: Depths:1 Depths:2 Depths:3 Depths:4 Depths:5
Abyss: Depths:4
Pandemonium: Depths:3 Depths:4 Depths:5

Annotations:
Lair:2 exclusion: 2 oklob plants


Innate Abilities, Weirdness & Mutations

You are resistant to torment.
Your stone body is resilient. (AC +20)
You are immune to poison.
Your large and strong wings let you fly indefinitely.
You resist negative energy. (rN+)
You are resistant to electric shocks. (rElec)
You can survive without breathing.
You are immune to petrification.
You are immune to rotting.


Message History

The blast of energy engulfs the ancient champion.
The ancient champion is moderately damaged.
The blast of energy engulfs the phantasmal warrior.
The phantasmal warrior is heavily damaged.
The blast of energy engulfs the ghoul.
The ghoul is lightly damaged.
The reaper hits you from afar with a scythe of freezing.
* * * LOW HITPOINT WARNING * * *
The ancient champion hits you but does no damage.
The bone dragon bites you but does no damage.
The bone dragon claws you but does no damage.
The bone dragon tramples you but does no damage.
The reaper hits you from afar with a scythe of freezing!!
* * * LOW HITPOINT WARNING * * *
The reaper freezes you.
* * * LOW HITPOINT WARNING * * *
The eidolon hits you but does no damage. x2
A vampire mage comes into view.
The phantasmal warrior hits you.
You die...

▓▓▓▓▓▓▓▓▓
▓▓@D2W[...
▓▓WWzn.....
▓▓)W2W[...))
▓▓...W.......
▓▓...........L
▓▓.............
▓▓..........###V
▓.∩.........#G#.
▓▓..........###


You could see a bone dragon, a ghoul, a lich (wandering), 2 reapers, 3 eidola,
an ancient champion, a vampire mage, 3 phantasmal warriors and a floating eye.

Vanquished Creatures
  Cerebov (Pan)
  Antaeus (Coc:7)
  Asmodeus (Geh:7)
  the Royal Jelly (Slime:5)
  Ereshkigal (Tar:7)
  Gloorx Vloq (Pan)
  Mnoleg (Pan)
  the Serpent of Hell (Tar:7)
  Lom Lobon (Pan)
  A seraph (Pan)
  Dispater (Dis:7)
  Mara (Vaults:2)
  8 orbs of fire
  Mennas (Pan)
  The ghost of filfer the Slayer, a legendary GnWn of Makhleb (Pan)
  10 ancient liches
  7 juggernauts
  31 greater mummies
  Boris (Tomb:3)
  20 shard shrikes
  73 pandemonium lords
  Xtahua (Depths:5)
  5 curse toes
  2 caustic shrikes
  Vashnia (Snake:3)
  4 Killer Klowns
  18 golden dragons
  Nikola (Elf:3)
  Geryon (Hell)
  4 profane servitors
  the Enchantress (Depths:1)
  2 pearl dragons (Pan)
  56 Brimstone Fiends
  24 bone dragons
  9 iron giants
  Jorgrun (Elf:2)
  5 doom hounds
  3 electric golems
  87 Tzitzimimeh
  61 Ice Fiends
  5 hellephants
  22 tentacled monstrosities
  14 liches
  2 deep elf blademasters
  12 titans
  25 Orb Guardians (Zot:5)
  Asterion (Vaults:1)
  46 Hell Sentinels
  12 quicksilver dragons
  The ghost of Maruxus the Executioner, an adept MiBe of Trog (Snake:4)
  22 ancient champions
  2 deep elf master archers (Elf:3)
  9 eldritch tentacles
  5 death cobs
  11 sphinxes
  99 Executioners
  8 tengu reavers
  3 thorn hunters
  29 acid blobs
  11 tentacled starspawn
  23 storm dragons
  11 nagarajas
  Donald (Slime:5)
  Kirke (D:13)
  25 shadow dragons
  75 warmongers (Pan)
  20 daevas
  12 draconian monks
  8 azure jellies
  15 vault wardens
  6 revenants
  8 deep elf sorcerers
  Aizul (Snake:3)
  56 blood saints (Pan)
  15 iron dragons
  21 fire giants
  108 balrugs
  6 ghost moths
  17 draconian scorchers
  114 cacodemons
  4 orc warlords
  15 frost giants
  A ghost moth (shapeshifter) (Zig:15)
  11 draconian knights
  The ghost of marriedatthemol the Fighter, a journeyman MiBe of Trog (Depths:1)
  6 curse skulls
  2 draconian stormcallers
  9 ghouls
  5 draconian shifters
  4 spriggan defenders
  18 ophanim
  50 very ugly things
  40 angels
  174 reapers
  7 war gargoyles
  19 ironheart preservers
  4 deep elf elementalists
  10 draconian annihilators
  A juggernaut skeleton (Zig:16)
  55 corrupters
  42 stone giants
  Nessos (D:13)
  4 elemental wellsprings
  20 vampire knights
  5 entropy weavers
  10 bennus
  30 apis (Pan)
  2 pale draconians (Depths:5)
  63 lorocyprocas
  9 deep elf demonologists
  16 red draconians
  15 green draconians
  19 white draconians
  54 black suns (Pan)
  12 deep elf annihilators
  8 black draconians
  Azrael (Elf:2)
  9 spark wasps
  13 purple draconians
  18 yellow draconians
  Snorg (Lair:6)
  7 quicksilver dragon zombies
  165 blizzard demons
  14 deep elf death magi
  31 mummy priests
  8 eidola
  17 ettins
  17 fire dragons
  3 deep elf high priests
  23 jiangshi
  5 death oozes (Slime:5)
  25 great orbs of eyes
  2 crystal guardians
  24 yaktaur captains
  80 green deaths
  Josephine (D:13)
  6 kraken zombies
  Erolcha (Orc:2)
  76 monstrous demonspawn (Pan)
  18 naga warriors
  Fannar (Lair:3)
  36 ice dragons
  12 quicksilver dragon skeletons
  38 vault guards
  19 rakshasas
  2 juggernaut simulacra (Pan)
  8 ghost crabs
  A hydra (shapeshifter) (Zig:15)
  29 hell beasts
  10 anacondas
  2 catoblepae
  Erica (Orc:1)
  25 hydras
  13 centaur warriors
  12 ogre magi
  30 dancing weapons
  8 death knights
  51 hell hogs
  2 spriggan air magi
  43 two-headed ogres
  10 deep troll shamans
  7 tengu warriors
  13 vampire magi
  4 alligators
  6 death yaks (Lair:6)
  A spectral stone giant (Crypt:3)
  27 death scarabs
  30 thrashing horrors
  14 titan zombies
  5 orc high priests
  5 spriggan berserkers
  286 sun demons
  6 holy swine (Pan)
  7 deep troll earth magi
  9 iron golems
  16 naga sharpshooters
  233 soul eaters
  8 shock serpents
  2 shock serpents (shapeshifter)
  Nergalle (D:11)
  The ghost of Evablue the Basher, a novice GrBe of Trog (D:9)
  5 spatial maelstroms
  89 hell knights
  9 storm dragon zombies
  158 sixfirhies
  31 shadow wraiths
  16 wretched stars
  28 deep elf knights
  2 salamander mystics (Snake:4)
  14 titan skeletons
  30 iron trolls
  8 storm dragon skeletons
  11 golden dragon zombies
  13 anaconda zombies
  30 flayed ghosts
  A quicksilver dragon simulacrum (Coc:2)
  4 death drakes
  4 ghost moth zombies
  A glowing orange brain (shapeshifter) (Vaults:3)
  3 spriggan druids
  A deep troll (shapeshifter) (Vaults:4)
  299 large abominations
  20 cherubim (Pan)
  18 deep elf archers
  70 torturous demonspawn (Pan)
  8 glowing orange brains
  180 skeletal warriors
  7 naga ritualists
  4 golden dragon skeletons
  4 unseen horrors
  6 swamp dragons
  2 obsidian statues
  71 gelid demonspawn
  44 deep trolls
  77 infernal demonspawn (Pan)
  12 shadow dragon zombies
  12 anaconda skeletons
  3 shambling mangroves
  2 tengu zombies
  17 ironbrand convokers
  113 shadow demons
  27 phantasmal warriors
  4 harpies (Vaults:3)
  3 harpies (shapeshifter)
  The ghost of Evablue the Poker, a novice CeBe of Trog (D:7)
  9 wizards
  17 orc knights
  13 frost giant zombies
  29 necromancers
  6 wolf spider zombies
  8 iron dragon zombies
  2 manticores
  12 stone giant zombies
  A sphinx zombie (Zig:16)
  An orb spider (Abyss:3)
  9 mana vipers
  A shining eye (shapeshifter) (Vaults:4)
  3 wolf spiders
  69 ugly things
  2 oklob plants (Zig:9)
  7 orc sorcerers
  An orb spider (shapeshifter) (D:13)
  8 worldbinders
  25 cyclopes
  10 shadow dragon skeletons
  11 shining eyes
  8 salamanders
  20 moths of wrath
  11 fire giant zombies
  8 frost giant skeletons
  77 deep elf magi
  5 elephants (Lair:3)
  3 draconians (Abyss:5)
  9 guardian serpents
  A moth of wrath (shapeshifter) (Depths:2)
  2 stone giant skeletons
  6 fire giant skeletons
  An elephant (shapeshifter) (Zig:15)
  14 vault sentinels
  15 iron dragon skeletons
  3 apocalypse crabs
  33 black mambas
  9 torpor snails
  293 smoke demons
  9 dire elephant zombies
  72 rust devils
  4 eyes of devastation
  Maurice (Orc:1)
  13 molten gargoyles
  5 shock serpent zombies
  A titan simulacrum (Crypt:3)
  15 naga magi
  143 orange demons
  9 ice statues
  15 spiny frogs
  4 gargoyles
  136 hellions
  3 catoblepas zombies
  A grey draconian zombie (Crypt:1)
  2 rime drakes
  3 emperor scorpion zombies
  15 efreet
  A purple draconian zombie (Tar:5)
  2 komodo dragons (shapeshifter)
  A kobold demonologist (Abyss:1)
  139 tormentors
  A rime drake (shapeshifter) (Vaults:4)
  3 shock serpent skeletons
  The ghost of jlumianski the Slicer, a novice KoBe of Trog (D:4)
  6 centaur skeletons
  86 hellwings
  7 dire elephant skeletons
  10 komodo dragons
  136 demonic crawlers
  61 freezing wraiths
  98 ice devils
  An entropy weaver simulacrum (Vaults:1)
  A minotaur zombie (Dis:7)
  7 harpy zombies
  A yaktaur skeleton (Vaults:3)
  4 silent spectres
  70 yaktaurs
  41 guardian mummies
  A jumping spider (shapeshifter) (Depths:2)
  18 polar bears
  15 ancient zymes
  2 meliai (shapeshifter)
  A queen bee (shapeshifter) (Vaults:2)
  3 catoblepas skeletons
  2 queen bees
  29 hydra zombies
  166 red devils
  5 tengu conjurers
  3 meliai
  A merfolk (shapeshifter) (Depths:4)
  18 trolls
  5 harpy skeletons
  A tyrant leech (shapeshifter) (Vaults:2)
  23 hornets
  2 wind drakes (shapeshifter)
  A wolf spider simulacrum (Coc:4)
  24 raiju
  A jumping spider zombie (Crypt:1)
  6 hippogriffs
  9 blink frogs
  6 tyrant leeches
  An iron dragon simulacrum (Coc:2)
  9 fire dragon zombies
  3 hippogriffs (shapeshifter)
  17 hydra skeletons
  11 ice dragon zombies
  7 dream sheep
  A dream sheep (shapeshifter) (Depths:2)
  3 stone giant simulacra
  4 black mamba zombies
  14 alligator zombies
  8 fire dragon skeletons
  A fire giant simulacrum (Vaults:3)
  186 slime creatures
  16 ettin zombies
  13 bog bodies
  7 air elementals
  27 spriggans
  231 flying skulls
  A redback (shapeshifter) (Abyss:2)
  51 shadows
  8 ice dragon skeletons
  A dire elephant simulacrum (Coc:1)
  11 ettin skeletons
  16 water elementals
  86 starcursed masses
  48 wraiths
  26 ushabtiu
  20 fire bats
  A vampire (Abyss:1)
  206 ynoxinuls
  5 alligator skeletons
  5 black mamba skeletons
  2 redbacks (Vaults:4)
  A basilisk (shapeshifter) (D:13)
  52 fire elementals
  3 hogs (shapeshifter)
  3 wyverns
  18 yaks
  10 hungry ghosts
  30 golden eyes
  A hog (D:13)
  4 steam dragons
  192 chaos spawn
  109 neqoxecs
  17 vampire mosquitoes
  4 swamp worm simulacra (Swamp:4)
  17 spatial vortices
  5 wargs
  19 hydra simulacra
  23 insubstantial wisps
  51 nagas
  19 swamp worms
  4 acid dragons
  Edmund (D:6)
  17 spiny frog zombies
  Menkaure (D:7)
  110 hell hounds
  A soldier ant (D:12)
  2 merfolk zombies
  An orb spider zombie (Crypt:2)
  8 floating eyes
  2 porcupines (shapeshifter)
  15 water moccasins
  A floating eye (shapeshifter) (Elf:3)
  A soldier ant (shapeshifter) (Vaults:1)
  5 sky beasts
  A merfolk skeleton (Tar:4)
  11 porcupines
  13 spiny frog skeletons
  12 swamp drakes
  A fire dragon simulacrum (Coc:1)
  6 swamp dragon zombies
  A hornet zombie (D:15)
  A manticore zombie (Dis:1)
  45 orc warriors
  An alligator simulacrum (Coc:5)
  4 elf zombies
  12 ice beasts
  15 black bears
  5 eyes of draining
  2 orc zombies
  20 phantoms
  4 snapping turtle zombies
  16 boggarts
  2 ettin simulacra
  35 wolves
  A manticore skeleton (Geh:2)
  59 necrophages
  42 ogres
  25 centaurs
  9 snapping turtle skeletons
  14 crocodiles
  2 swamp dragon skeletons
  4 human skeletons
  A hog skeleton (Crypt:2)
  Blork the orc (D:5)
  14 bullfrogs
  6 human zombies
  A big kobold (D:10)
  2 gnoll sergeants
  4 elf skeletons
  A wyvern zombie (D:14)
  37 small abominations
  5 earth elementals
  2 wyvern skeletons
  4 scorpions
  41 killer bees
  A troll zombie (Dis:7)
  3 spriggan zombies
  An elf simulacrum (Vaults:2)
  115 wights
  A polar bear skeleton (Crypt:1)
  10 electric eels
  7 howler monkeys
  20 crimson imps
  7 centaur zombies
  7 lava snakes (Volcano)
  5 quasits
  36 orc priests
  2 bullfrog zombies
  4 jellies
  5 bullfrog skeletons
  8 hounds
  57 iron imps
  29 orc wizards
  Ijyb (D:5)
  4 iguanas
  A lightning spire (Zig:11)
  10 worker ants
  2 killer bee zombies
  A naga zombie (Geh:5)
  An ogre zombie (Dis:5)
  2 tengu skeletons
  An ogre skeleton (Crypt:3)
  2 human simulacra (D:14)
  62 mummies
  15 gnolls
  A howler monkey skeleton (Crypt:2)
  2 river rats (D:3)
  17 adders
  A naga simulacrum (Hell)
  18 shadow imps
  19 white imps
  4 swamp drake simulacra (Swamp:4)
  7 ufetubi
  4 oozes
  2 adder skeletons (D:4)
  2 worms (D:2)
  A dart slug (D:4)
  7 leopard geckos
  102 orcs
  A bat skeleton (Crypt:2)
  5 giant cockroaches
  5 goblins
  13 hobgoblins
  11 jackals
  2 quokkas
  2 ball pythons (D:1)
  A ball python skeleton (D:4)
  4 bats
  3 frilled lizards
  A frilled lizard skeleton (Crypt:1)
  A goblin skeleton (Crypt:2)
  A hobgoblin skeleton (Crypt:1)
  A jackal skeleton (D:7)
  A jackal zombie (D:6)
  13 kobolds
  A kobold skeleton (Geh:7)
  2 kobold zombies (Geh:2)
  2 orc skeletons
  A quokka zombie (D:5)
  8 rats
  A block of ice (Pan)
  A butterfly (Lair:1)
  2 crawling corpses (Vaults:5)
  9 fire vortices
  2 lurking horrors
  13 pillars of salt
  A plant (D:10)
  8 starspawn tentacles
  10 tentacles
10379 creatures vanquished.

Vanquished Creatures (collateral kills)
  A blood saint (Zig:12)
  2 iron golems (Zig:14)
  A slime creature (Slime:5)
  An ogre (Pan)
  A black bear (Pan)
6 creatures vanquished.

Vanquished Creatures (others)
  A pandemonium lord (Pan)
  A lich (Tomb:2)
  4 eldritch tentacles (Pan)
  An ancient champion (Tomb:2)
  A draconian scorcher (Zot:5)
  An iron dragon (Dis:7)
  A reaper (Pan)
  An elemental wellspring (Coc:7)
  3 blood saints (Pan)
  A blizzard demon (Pan)
  2 rakshasas (Pan)
  A two-headed ogre (Depths:4)
  27 death scarabs
  3 hell hogs
  A small abomination (Elf:3)
  6 deep elf knights
  A hell knight (Hell)
  3 soul eaters (Pan)
  A skeletal warrior (Tomb:2)
  An infernal demonspawn (Pan)
  A shadow wraith (Vaults:4)
  A gelid demonspawn (Pan)
  A glowing orange brain (Pan)
  2 sixfirhies (Pan)
  An ugly thing (Vaults:4)
  9 smoke demons (Pan)
  A tormentor (Pan)
  A freezing wraith (Zig:15)
  A hellion (Pan)
  A harpy zombie (Tomb:2)
  3 hellwings (Pan)
  4 red devils (Pan)
  A slime creature (Swamp:1)
  A fire dragon zombie (Coc:1)
  A large abomination (Abyss:2)
  3 flying skulls
  A water elemental (Hell)
  A golden eye (Pan)
  8 chaos spawn (Pan)
  2 neqoxecs (Pan)
  A naga (Snake:4)
  3 hell hounds
  2 orc warriors
  A swamp drake (Swamp:4)
  An eye of draining (Pan)
  An ogre (Vaults:3)
  2 boggarts
  4 wights
  An orc wizard (D:14)
  2 mummies (Tomb:2)
  An adder (D:11)
  2 shadow imps (Tar:6)
  A white imp (Abyss:2)
  4 ball lightnings (Pan)
  A block of ice (Pan)
  2 briar patches
  2 crawling corpses (Elf:3)
  6 demonic plants
  A fire vortex (Pan)
  A fulminant prism (Zig:17)
  5 fungi
  4 lurking horrors
  195 pillars of salt
  8 plants
  13 starspawn tentacles
  19 tentacles
  7 toadstools (Swamp:3)
395 creatures vanquished.

Grand Total: 10780 creatures vanquished

Notes
Turn   | Place    | Note
-------+----------+-------------------------------------------
     0 | D:1      | Evablue the Gargoyle Berserker began the quest for the Orb.
     0 | D:1      | Reached XP level 1. HP: 14/14 MP: 1/1
    62 | D:1      | Reached XP level 2. HP: 10/19 MP: 2/2
   483 | D:1      | Reached XP level 3. HP: 24/24 MP: 3/3
   900 | D:2      | Reached ** piety under Trog
  1349 | D:2      | Reached XP level 4. HP: 5/29 MP: 4/4
  1716 | D:2      | Found a shadowy altar of Dithmenos.
  2405 | D:3      | Found a basalt altar of Yredelemnul.
  2950 | D:3      | Reached XP level 5. HP: 33/33 MP: 5/5
  2997 | D:3      | Found a glowing drain.
  3004 | Sewer    | Entered a sewer
  3068 | Sewer    | Noticed a crocodile
  3076 | Sewer    | Killed a crocodile
  3197 | D:4      | Noticed an ogre
  3201 | D:4      | Killed an ogre
  3201 | D:4      | Reached skill level 5 in Maces & Flails
  3201 | D:4      | Reached XP level 6. HP: 39/39 MP: 6/6
  3362 | D:4      | Noticed jlumianski's ghost (novice KoBe)
  3376 | D:4      | Killed jlumianski's ghost
  3376 | D:4      | Reached skill level 5 in Fighting
  3376 | D:4      | Reached XP level 7. HP: 30/44 MP: 7/7
  3916 | D:4      | Found a staircase to the Ecumenical Temple.
  3989 | D:4      | Reached XP level 8. HP: 36/49 MP: 8/8
  4204 | D:5      | Entered Level 5 of the Dungeon
  4234 | D:5      | Reached *** piety under Trog
  4318 | D:5      | Reached skill level 5 in Armour
  4576 | D:5      | Upgraded the game from 0.22-a0-51-g1bb26a1 to 0.22-a0-63-geddfa9b
  4792 | D:5      | Found a shattered altar of Ashenzari.
  4795 | D:5      | Noticed Ijyb
  4815 | D:5      | Killed Ijyb
  5047 | D:5      | Noticed Blork the orc
  5057 | D:5      | Killed Blork the orc
  5392 | D:5      | You fall through a shaft!
  5406 | D:6      | Reached XP level 9. HP: 55/55 MP: 9/9
  5446 | D:6      | Noticed Edmund
  5460 | D:6      | Killed Edmund
  5506 | D:6      | Found Foerch's Food Shoppe.
  5921 | D:6      | Reached **** piety under Trog
  6239 | D:7      | Noticed Menkaure
  6245 | D:7      | Killed Menkaure
  6340 | D:7      | Reached skill level 10 in Maces & Flails
  6393 | D:7      | Noticed Evablue's ghost (novice CeBe)
  6427 | D:7      | Killed Evablue's ghost
  6427 | D:7      | Reached XP level 10. HP: 38/63 MP: 10/10
  6896 | D:8      | Noticed a two-headed ogre
  6914 | D:8      | Killed a two-headed ogre
  7375 | D:8      | Found a shattered altar of Ashenzari.
  7586 | D:9      | Noticed a two-headed ogre
  7604 | D:9      | Killed a two-headed ogre
  7604 | D:9      | Reached XP level 11. HP: 69/69 MP: 11/11
  7723 | D:9      | Found a stormy altar of Qazlal.
  7773 | D:9      | Found a burning altar of Makhleb.
  7799 | D:9      | Noticed Evablue's ghost (novice GrBe)
  7807 | D:9      | Killed Evablue's ghost
  7990 | D:9      | Found a staircase to the Lair.
  8115 | D:9      | Found an iron altar of Okawaru.
  8156 | D:9      | Reached ***** piety under Trog
  8366 | Lair:1   | Entered Level 1 of the Lair of Beasts
  8414 | Lair:1   | Found a bloodstained altar of Trog.
  8476 | Lair:1   | Noticed a six-headed hydra
  8484 | Lair:1   | Killed a six-headed hydra
  8529 | Lair:1   | Found a transporter.
  8640 | Lair:1   | Found a snail-covered altar of Cheibriados.
  8892 | Lair:1   | Found a transporter.
  8894 | Lair:1   | Found the +0 mask of the Dragon {MR+ Slay+3 SInv}
 10387 | Lair:2   | Reached skill level 1 in Shields
 10545 | Lair:2   | Noticed a catoblepas
 10556 | Lair:2   | Killed a catoblepas
 10556 | Lair:2   | Reached XP level 12. HP: 44/76 MP: 12/12
 10608 | Lair:2   | Found a staircase to the Swamp.
 10623 | Lair:2   | Reached skill level 10 in Armour
 11084 | Lair:3   | Noticed an eight-headed hydra
 11098 | Lair:3   | Reached skill level 10 in Fighting
 11104 | Lair:3   | Killed an eight-headed hydra
 11218 | Lair:3   | Found a staircase to the Snake Pit.
 11283 | Lair:3   | Noticed a four-headed hydra
 11287 | Lair:3   | Killed a four-headed hydra
 11720 | Lair:3   | Noticed Fannar
 11733 | Lair:3   | Killed Fannar
 12205 | Lair:4   | Reached XP level 13. HP: 60/84 MP: 13/13
 12489 | Lair:4   | Received a gift from Trog
 13044 | Lair:5   | Reached skill level 15 in Maces & Flails
 13452 | Lair:5   | Found a staircase to the Slime Pits.
 13701 | Lair:6   | Entered Level 6 of the Lair of Beasts
 13927 | Lair:6   | Noticed Snorg
 13939 | Lair:6   | Killed Snorg
 14046 | Lair:6   | Received a gift from Trog
 14086 | Lair:6   | Gained mutation: Your large and strong wings let you fly indefinitely. [Gargoyle growth]
 14086 | Lair:6   | Reached XP level 14. HP: 26/92 MP: 14/14
 14106 | Lair:6   | HP: 5/141 [spiny frog[a boggart] (6)]
 14527 | Lair:6   | Reached skill level 5 in Shields
 15319 | D:10     | Entered Level 10 of the Dungeon
 15342 | D:10     | Received a gift from Trog
 15371 | D:10     | Got a warped demon whip {god gift}
 15375 | D:10     | Identified the +2 demon whip of Balance {elec, rN+ MR+ Str-5 Dex+2} (Trog gifted it to you on level 10 of the Dungeon)
 15470 | D:10     | Reached ****** piety under Trog
 16320 | D:11     | Received a gift from Trog
 16472 | D:11     | Noticed Nergalle
 16478 | D:11     | Killed Nergalle
 16671 | D:11     | Reached skill level 1 in Evocations
 16942 | D:11     | Found a staircase to the Orcish Mines.
 17079 | Orc:1    | Entered Level 1 of the Orcish Mines
 17085 | Orc:1    | Noticed Maurice
 17086 | Orc:1    | Noticed Erica
 17101 | Orc:1    | Killed Erica
 17114 | Orc:1    | Killed Maurice
 17178 | Orc:1    | Found Zoeppub's Jewellery Emporium.
 17810 | Orc:1    | Received a gift from Trog
 17911 | Orc:2    | Entered Level 2 of the Orcish Mines
 17957 | Orc:2    | Found a roughly hewn altar of Beogh.
 18002 | Orc:2    | Found a staircase to the Elven Halls.
 18061 | Orc:2    | Found a roughly hewn altar of Beogh.
 18118 | Orc:2    | Found a roughly hewn altar of Beogh.
 18125 | Orc:2    | Found Kyeruwul's Antique Armour Shop.
 18234 | Orc:2    | Found a dark tunnel.
 18258 | Volcano  | Entered a volcano
 18448 | Volcano  | Found a radiant altar of Vehumet.
 18478 | Volcano  | Reached skill level 5 in Dodging
 18723 | Volcano  | Found the +2 hat of the Bear Spirit {Spirit, +Rage rN+ MR++}
 18861 | Orc:2    | Reached XP level 15. HP: 100/100 MP: 16/16
 18925 | Orc:2    | Found a roughly hewn altar of Beogh.
 18931 | Orc:2    | Received a gift from Trog
 19032 | Orc:2    | Found a roughly hewn altar of Beogh.
 19113 | Orc:2    | Noticed an orc warlord
 19127 | Orc:2    | Noticed Erolcha
 19192 | Orc:2    | Found a roughly hewn altar of Beogh.
 19305 | Orc:2    | Found a roughly hewn altar of Beogh.
 19305 | Orc:2    | Found Hunual's Antique Armour Emporium.
 19393 | Orc:2    | Bought the -2 hat of the Alchemist {rElec rPois rF+ rC+ rN+ MR+ rMut rCorr} for 1321 gold pieces
 19393 | Orc:2    | Found the -2 hat of the Alchemist {rElec rPois rF+ rC+ rN+ MR+ rMut rCorr}
 19680 | Orc:2    | Killed an orc warlord
 19748 | Orc:2    | Killed Erolcha
 19771 | Orc:2    | Found Yrcheir's Antique Weapon Emporium.
 19772 | Orc:2    | Found a roughly hewn altar of Beogh.
 19773 | Orc:2    | Found Sat Ifir's Antique Armour Shoppe.
 19932 | D:12     | Received a gift from Trog
 20605 | D:13     | Found a gate to the Vaults.
 20755 | D:13     | Noticed Nessos
 20801 | D:13     | Killed Nessos
 21083 | D:13     | Noticed Josephine
 21097 | D:13     | Killed Josephine
 21116 | D:13     | Received a gift from Trog
 21125 | D:13     | Noticed Kirke
 21139 | D:13     | Killed Kirke
 21139 | D:13     | Reached skill level 15 in Fighting
 22149 | D:14     | Reached skill level 5 in Evocations
 22614 | D:15     | Entered Level 15 of the Dungeon
 22648 | D:15     | Received a gift from Trog
 22990 | D:15     | Reached XP level 16. HP: 108/108 MP: 19/19
 23216 | D:15     | Reached skill level 10 in Shields
 23231 | D:15     | Found a staircase to the Depths.
 23939 | Swamp:1  | Entered Level 1 of the Swamp
 24038 | Swamp:1  | Received a gift from Trog
 24204 | Swamp:1  | Found the amulet of Vitality {Regen+ HP+15}
 25032 | Swamp:2  | Received a gift from Trog
 26191 | Swamp:3  | Noticed a thorn hunter
 26217 | Swamp:3  | Killed a thorn hunter
 26270 | Swamp:3  | Received a gift from Trog
 26884 | Swamp:4  | Entered Level 4 of the Swamp
 26901 | Swamp:4  | Noticed a thorn hunter
 27213 | Swamp:4  | Killed a thorn hunter
 27213 | Swamp:4  | Reached XP level 17. HP: 91/116 MP: 22/22
 27483 | Swamp:4  | Got a heavily runed scale mail
 27494 | Swamp:4  | Identified the +3 scale mail of Asateu {rPois rN+ MR- SInv} (You found it on level 4 of the Swamp)
 27761 | Swamp:4  | Reached skill level 15 in Armour
 27853 | Swamp:4  | Received a gift from Trog
 28953 | Swamp:4  | Got a decaying rune of Zot
 29115 | Snake:1  | Entered Level 1 of the Snake Pit
 30049 | Snake:2  | Got a heavily runed brass ring
 30051 | Snake:2  | Identified the ring "Huciko" {rPois rF+ Int+5 SInv} (You found it on level 2 of the Snake Pit)
 30072 | Snake:2  | Received a gift from Trog
 30223 | Snake:2  | Found Mofim's Jewellery Shoppe.
 30224 | Snake:2  | Found Huuqah's Gadget Shop.
 30250 | Snake:2  | Got a transparent bronze ring
 30251 | Snake:2  | Identified the ring of the Townfolk {*Drain rElec rPois Int+6 Dex+2} (You found it on level 2 of the Snake Pit)
 30252 | Snake:2  | Found Izocoxz Ughe's Jewellery Shoppe.
 31512 | Snake:3  | Received a gift from Trog
 31571 | Snake:3  | Noticed Vashnia
 31664 | Snake:3  | Killed Vashnia
 31668 | Snake:3  | Reached XP level 18. HP: 45/124 MP: 24/24
 32164 | Snake:4  | Entered Level 4 of the Snake Pit
 32468 | Snake:4  | Noticed Maruxus's ghost (adept MiBe)
 33213 | Snake:4  | Received a gift from Trog
 33302 | Snake:4  | Noticed Aizul
 33837 | Snake:3  | Killed Aizul
 34239 | Snake:4  | Killed Maruxus's ghost
 34839 | Snake:4  | Received a gift from Trog
 35253 | Snake:4  | Got a serpentine rune of Zot
 35425 | Snake:4  | Reached skill level 15 in Shields
 36079 | Elf:1    | Entered Level 1 of the Elven Halls
 36383 | Elf:1    | Found Wivoz's Magic Scroll Shop.
 36418 | Elf:1    | Received a gift from Trog
 36476 | Elf:1    | Bought a scroll of enchant weapon for 112 gold pieces
 36558 | Elf:1    | Reached XP level 19. HP: 126/131 MP: 8/26
 36601 | Elf:1    | Identified Viz Ranki's Volume of Conjuration
 36623 | Elf:1    | Reached skill level 10 in Evocations
 37334 | Elf:2    | Noticed Azrael
 37351 | Elf:2    | Received a gift from Trog
 37447 | Elf:2    | HP: 3/132 [Azrael/damnation (32)]
 37831 | Elf:2    | HP: 3/132 [deep elf high priest/damnation (20)]
 38303 | Elf:2    | Received a gift from Trog
 38386 | Elf:2    | Found a runed gate.
 38387 | Elf:2    | Found a runed gate.
 38394 | Elf:2    | Found a runed gate.
 39082 | Elf:2    | Killed Azrael
 39125 | Elf:2    | Received a gift from Trog
 39261 | Elf:3    | Entered Level 3 of the Elven Halls
 39445 | Elf:3    | Noticed Nikola
 39464 | Elf:3    | Killed Nikola
 39674 | Elf:3    | Noticed Jorgrun
 40089 | Elf:3    | Received a gift from Trog
 40310 | Elf:3    | Reached XP level 20. HP: 109/140 MP: 9/28
 40368 | Elf:3    | Received a gift from Trog
 40383 | Elf:3    | Got a heavily runed lapis lazuli ring
 40384 | Elf:3    | Identified the ring of Tender Moments {rF+ Dex+3} (You took it off a deep elf demonologist on level 3 of the Elven Halls)
 41315 | Elf:2    | Killed Jorgrun
 41375 | Elf:3    | Noticed a Brimstone Fiend
 41446 | Elf:3    | Got an ancient diamond amulet
 41447 | Elf:3    | Identified the amulet of Tymueb {Gourm SInv} (You took it off a deep elf mage on level 3 of the Elven Halls)
 41846 | Elf:3    | Identified Advanced Witchery
 41870 | Elf:3    | Identified Ususalat's Reference Book on Protection and Translocation
 42378 | Vaults:1 | Entered Level 1 of the Vaults
 42672 | Vaults:1 | Received a gift from Trog
 43242 | Vaults:1 | Noticed Asterion
 43262 | Vaults:1 | Killed Asterion
 44016 | Vaults:2 | Found a staircase to the Crypt.
 44016 | Vaults:2 | Found a basalt altar of Yredelemnul.
 44016 | Vaults:2 | Found an ancient bone altar of Kikubaaqudgha.
 44069 | Vaults:2 | Found Pyisogil's Food Emporium.
 44123 | Vaults:2 | Received a gift from Trog
 44255 | Vaults:2 | Noticed Mara
 44260 | Vaults:2 | Noticed Evablue's illusion
 44649 | Vaults:2 | Reached XP level 21. HP: 113/147 MP: 10/30
 44696 | Vaults:2 | Noticed Evablue's illusion
 44777 | Vaults:2 | Noticed Evablue's illusion
 45100 | Vaults:2 | Noticed Evablue's illusion
 45530 | Vaults:2 | Received a gift from Trog
 45721 | Vaults:2 | Found Lazxec's Antique Weapon Emporium.
 45871 | Vaults:2 | Killed Mara
 46779 | Vaults:3 | Reached skill level 10 in Dodging
 46943 | Vaults:3 | Received a gift from Trog
 47914 | Vaults:3 | Received a gift from Trog
 48206 | Vaults:3 | HP: 3/147 [titanic slime creature (84)]
 48585 | Vaults:3 | Reached XP level 22. HP: 126/153 MP: 10/31
 48903 | Vaults:4 | Found Hogoj's Antique Weapon Emporium.
 49145 | Vaults:4 | Received a gift from Trog
 49583 | Vaults:4 | Found the +2 Maxwell's thermic engine {flame, freeze, rF- rC-}
 49705 | Vaults:4 | Received a gift from Trog
 49718 | Vaults:4 | Found a portal to a secret trove of treasure.
 50512 | Vaults:4 | Received a gift from Trog
 50592 | Vaults:4 | Found Ywiurako's Assorted Antiques.
 51052 | Vaults:4 | Reached XP level 23. HP: 125/158 MP: 32/32
 51103 | Vaults:4 | Received a gift from Trog
 51715 | Depths:1 | Entered Level 1 of the Depths
 52137 | Depths:1 | Received a gift from Trog
 52186 | Depths:1 | Noticed the Enchantress
 52227 | Depths:1 | Noticed marriedatthemol's ghost (journeyman MiBe)
 52272 | Depths:1 | Killed marriedatthemol's ghost
 52490 | Depths:1 | Found a gateway to Hell.
 53326 | Depths:1 | Received a gift from Trog
 53708 | Depths:1 | Cast into level 2 of the Abyss (the Enchantress)
 54224 | Abyss:2  | Found a sacrificial altar of Ru.
 54266 | Abyss:2  | Found a sacrificial altar of Ru.
 54617 | Depths:1 | Escaped the Abyss
 54642 | Depths:1 | Killed the Enchantress
 54650 | Depths:1 | Got faerie dragon scales
 54661 | Depths:1 | Identified the +6 faerie dragon scales {-Tele +Inv rElec rCorr Int+4} (You took it off the Enchantress on level 1 of the Depths)
 55081 | Depths:2 | Received a gift from Trog
 55121 | Depths:2 | Reached skill level 15 in Evocations
 55508 | Depths:2 | Reached XP level 24. HP: 63/164 MP: 11/34
 55848 | Depths:2 | Received a gift from Trog
 56755 | Depths:3 | Found a one-way gate leading to the halls of Pandemonium.
 58732 | Depths:3 | Paralysed by a floating eye for 3 turns
 58942 | Depths:3 | Received a gift from Trog
 59360 | Depths:3 | Found the +9 heavy crossbow "Sniper" {velocity, Acc+∞ SInv}
 59928 | Depths:4 | Found a one-way gate to the infinite horrors of the Abyss.
 60301 | Depths:3 | HP: 8/246 [deep troll (15)]
 60670 | Depths:3 | Received a gift from Trog
 61181 | Depths:4 | Reached XP level 25. HP: 158/169 MP: 35/35
 61633 | Depths:4 | Received a gift from Trog
 62309 | Depths:5 | Entered Level 5 of the Depths
 62489 | Depths:5 | Noticed Xtahua
 62805 | Depths:5 | Killed Xtahua
 62811 | Depths:5 | Found a snail-covered altar of Cheibriados.
 63237 | Depths:5 | Received a gift from Trog
 63256 | Depths:5 | Paralysed by a floating eye for 2 turns
 63273 | Depths:4 | Paralysed by a floating eye for 4 turns
 64382 | Depths:5 | Found a gateway to a ziggurat.
 64678 | Depths:5 | Received a gift from Trog
 64728 | Depths:5 | Found a gate to the Realm of Zot.
 65198 | Temple   | Entered the Ecumenical Temple
 65291 | Temple   | Fell from the grace of Trog
 65291 | Temple   | Became a worshipper of the Shining One
 65539 | Crypt:1  | Entered Level 1 of the Crypt
 65566 | Crypt:1  | Reached * piety under the Shining One
 65613 | Crypt:1  | Reached ** piety under the Shining One
 65630 | Crypt:1  | Reached XP level 26. HP: 138/175 MP: 35/35
 65711 | Crypt:1  | Reached *** piety under the Shining One
 66042 | Crypt:1  | Reached **** piety under the Shining One
 66223 | Crypt:2  | Reached ***** piety under the Shining One
 66392 | Crypt:3  | Entered Level 3 of the Crypt
 66587 | Crypt:3  | Reached ****** piety under the Shining One
 66651 | Crypt:3  | Reached skill level 5 in Invocations
 66833 | Crypt:3  | Found an ancient bone altar of Kikubaaqudgha.
 67273 | Crypt:3  | Identified the Handbook of Stolen Souls
 67492 | Crypt:3  | Reached skill level 10 in Invocations
 67532 | Crypt:3  | Got a faintly humming chain mail
 67533 | Crypt:3  | Identified the cursed +0 chain mail "Xesostra" {rElec rPois Dex+2 Stlth-} (You found it on level 3 of the Crypt)
 67582 | Crypt:3  | Found a staircase to the Tomb.
 67612 | Crypt:3  | Got a sparkling platinum ring
 67617 | Crypt:3  | Identified the ring "Lewnas" {rN+ Dex+2 Slay+2} (You found it on level 3 of the Crypt)
 68775 | Depths:3 | Identified a +5 sacred scourge of holy wrath (a +3 demon whip blessed by the Shining One)
 68775 | Depths:3 | Received a gift from the Shining One
 69035 | Vaults:1 | Paralysed by Trog for 4 turns
 69159 | Vaults:5 | Entered Level 5 of the Vaults
 69213 | Vaults:4 | Reached XP level 27. HP: 165/180 MP: 35/35
 70279 | Vaults:5 | Noticed an ancient lich
 70297 | Vaults:4 | Killed an ancient lich
 70408 | Vaults:4 | Reached skill level 15 in Dodging
 70760 | Vaults:5 | Got a faintly glowing bone ring
 70762 | Vaults:5 | Identified the ring of Neurush {Int+2 Dex+3} (You found it on level 5 of the Vaults)
 71332 | Vaults:5 | Got a silver rune of Zot
 71891 | Pan      | Entered Pandemonium
 72052 | Pan      | Noticed Fegona the pandemonium lord
 72069 | Pan      | Paralysed by Fegona for 7 turns
 72078 | Pan      | Killed Fegona the pandemonium lord
 72166 | Pan      | HP: 2/195 [Hell Sentinel/damnation (38)]
 72771 | Pan      | Identified First Steps in Witchery
 73626 | Pan      | Gained mutation: Your spells are a little easier to cast, but a little less powerful. [a cacodemon]
 73936 | Pan      | Noticed Onafih the pandemonium lord
 73955 | Pan      | Killed Onafih the pandemonium lord
 74303 | Pan      | Entered the realm of Gloorx Vloq.
 74984 | Pan      | Noticed Gloorx Vloq
 75007 | Pan      | Killed Gloorx Vloq
 75269 | Pan      | Got a dark rune of Zot
 75535 | Pan      | Noticed Jysusa the pandemonium lord
 75575 | Pan      | Killed Jysusa the pandemonium lord
 75821 | Pan      | Was forgiven by Trog
 75901 | Pan      | Learned a level 5 spell: Lee's Rapid Deconstruction
 76412 | Pan      | Found an exit through the horrors of the Abyss.
 77193 | Pan      | Noticed Atuqaiwu the pandemonium lord
 77212 | Pan      | Killed Atuqaiwu the pandemonium lord
 77683 | Pan      | Noticed Sitracor the pandemonium lord
 77701 | Pan      | Killed Sitracor the pandemonium lord
 78178 | Depths:3 | Escaped Pandemonium
 78183 | Pan      | Entered Pandemonium
 78411 | Pan      | Found an exit through the horrors of the Abyss.
 78482 | Pan      | Noticed Mennas
 78508 | Pan      | Killed Mennas
 78689 | Pan      | Noticed Woviakk the pandemonium lord
 78712 | Pan      | Killed Woviakk the pandemonium lord
 79239 | Pan      | Noticed filfer's ghost (legendary GnWn)
 79293 | Pan      | Killed filfer's ghost
 79464 | Pan      | Noticed Kaap the pandemonium lord
 79490 | Pan      | Killed Kaap the pandemonium lord
 79835 | Pan      | Got a demonic rune of Zot
 80519 | Pan      | Noticed Zeesto the pandemonium lord
 80607 | Pan      | Paralysed by Zeesto for 6 turns
 80644 | Pan      | Paralysed by Zeesto for 3 turns
 80788 | Pan      | Killed Zeesto the pandemonium lord
 80880 | Pan      | Found an exit through the horrors of the Abyss.
 82291 | Pan      | Noticed Dyodgh the pandemonium lord
 82319 | Pan      | Killed Dyodgh the pandemonium lord
 83298 | Pan      | Noticed Xaajatw Piedgh the pandemonium lord
 83313 | Pan      | Killed Xaajatw Piedgh the pandemonium lord
 84716 | Pan      | Noticed Teotune the pandemonium lord
 84855 | Pan      | Paralysed by Teotune for 4 turns
 84877 | Pan      | Killed Teotune the pandemonium lord
 85052 | Pan      | Entered the realm of Mnoleg.
 85262 | Pan      | Gained mutation: You tend to lose your temper in combat. [a shining eye]
 85282 | Pan      | Gained mutation: You are frail. (-10% HP) [a cacodemon]
 85286 | Pan      | Gained mutation: You are very frail. (-20% HP) [a cacodemon]
 85445 | Pan      | Found an exit through the horrors of the Abyss.
 85613 | Pan      | Gained mutation: Armour fits poorly on your strangely shaped body. [a cacodemon]
 85614 | Pan      | Gained mutation: You are dopey. (Int -2) [a cacodemon]
 85679 | Pan      | Paralysed by a floating eye for 4 turns
 85865 | Pan      | Gained mutation: Your spells are easier to cast, but less powerful. [a shining eye]
 85866 | Pan      | Noticed Mnoleg
 85874 | Pan      | Paralysed by an eldritch tentacle for 3 turns
 85878 | Pan      | Paralysed by a floating eye for 2 turns
 85884 | Pan      | Paralysed by a floating eye for 4 turns
 85974 | Pan      | Paralysed by a floating eye for 3 turns
 85979 | Pan      | Gained mutation: You are occasionally teleported next to monsters. [a cacodemon]
 86360 | Pan      | Paralysed by a floating eye for 2 turns
 86368 | Pan      | Paralysed by a floating eye for 2 turns
 86373 | Pan      | Killed Mnoleg
 86388 | Pan      | Paralysed by a floating eye for 2 turns
 86630 | Pan      | Got a glowing rune of Zot
 86841 | Pan      | Got an ivory fustibalus
 86842 | Pan      | Identified the +2 fustibalus "Ogre's Regret" {velocity, *Contam +Blink rPois rC++} (You found it in Pandemonium)
 86852 | Pan      | Lost mutation: You are very frail. (-20% HP) [potion of mutation]
 86852 | Pan      | Lost mutation: You are frail. (-10% HP) [potion of mutation]
 86852 | Pan      | Lost mutation: You are dopey. (Int -2) [potion of mutation]
 86852 | Pan      | Lost mutation: Armour fits poorly on your strangely shaped body. [potion of mutation]
 86852 | Pan      | Gained mutation: You are partially covered in rugged brown scales. (AC +1, +3% HP) [potion of mutation]
 86853 | Pan      | Lost mutation: You tend to lose your temper in combat. [potion of mutation]
 86853 | Pan      | Lost mutation: You are occasionally teleported next to monsters. [potion of mutation]
 86853 | Pan      | Lost mutation: Your spells are easier to cast, but less powerful. [potion of mutation]
 86853 | Pan      | Lost mutation: Your spells are a little easier to cast, but a little less powerful. [potion of mutation]
 86853 | Pan      | Gained mutation: You possess an exceptional clarity of mind. [potion of mutation]
 86853 | Pan      | Gained mutation: You occasionally shout uncontrollably at your foes. [potion of mutation]
 86853 | Pan      | Gained mutation: Your flesh is heat resistant. (rF+) [potion of mutation]
 86853 | Pan      | Gained mutation: You are partially covered in yellow scales. (AC +2) [potion of mutation]
 86854 | Pan      | Lost mutation: You possess an exceptional clarity of mind. [potion of mutation]
 86854 | Pan      | Lost mutation: Your flesh is heat resistant. (rF+) [potion of mutation]
 86854 | Pan      | Gained mutation: Scrolls take you a little longer to read. [potion of mutation]
 86854 | Pan      | Gained mutation: Your mind is acute. (Int +2) [potion of mutation]
 86855 | Pan      | Lost mutation: You occasionally shout uncontrollably at your foes. [potion of mutation]
 86855 | Pan      | Lost mutation: Your mind is acute. (Int +2) [potion of mutation]
 86855 | Pan      | Lost mutation: You are partially covered in yellow scales. (AC +2) [potion of mutation]
 86855 | Pan      | Gained mutation: Your flesh is heat resistant. (rF+) [potion of mutation]
 86855 | Pan      | Gained mutation: You are robust. (+10% HP) [potion of mutation]
 86968 | Pan      | Entered the realm of Lom Lobon.
 87184 | Pan      | Noticed Lom Lobon
 87239 | Pan      | Killed Lom Lobon
 87605 | Pan      | Found an exit through the horrors of the Abyss.
 88159 | Pan      | Got a magical rune of Zot
 88257 | Pan      | Entered the realm of Cerebov.
 88362 | Pan      | Found an exit through the horrors of the Abyss.
 88637 | Pan      | Got a translucent hand crossbow
 88640 | Pan      | Identified the +7 hand crossbow of Lecsinnin {penet, -Tele Str+6 Dex+4} (You took it off a crimson imp in Pandemonium)
 88651 | Pan      | Noticed Cerebov
 88686 | Pan      | Killed Cerebov
 88722 | Pan      | Got a smoking platinum ring
 88725 | Pan      | Identified the ring "Ymokewif" {*Slow rPois MR+ Int+2} (You took it off a balrug in Pandemonium)
 88728 | Pan      | Got a transparent scimitar {speed}
 88731 | Pan      | Identified the +9 scimitar of Indomitability {speed, rPois rN+ MR+ Dex-2} (You took it off a balrug in Pandemonium)
 88755 | Pan      | Got a fiery rune of Zot
 88795 | Pan      | Got a smoking graven amulet
 88798 | Pan      | Identified the amulet of Xom's Amusement {Regen+ MP+9} (You found it in Pandemonium)
 88822 | Pan      | Identified the Tome of the Glacial Entourage
 88825 | Pan      | Identified the Guide on Good Luck and the Arsonist
 89263 | Pan      | Took an exit into the Abyss.
 89263 | Abyss:1  | Escaped into the Abyss
 89306 | Abyss:1  | Found a corrupted altar of Lugonu.
 89459 | Abyss:1  | Paralysed by accursed screaming for 1 turns
 89614 | Abyss:1  | Found an ornate altar of the Wu Jian Council.
 89619 | Abyss:1  | Found a corrupted altar of Lugonu.
 89669 | Abyss:1  | Noticed an ancient lich
 89678 | Abyss:1  | Killed an ancient lich
 89680 | Depths:3 | Escaped the Abyss
 89692 | Pan      | Entered Pandemonium
 89778 | Pan      | Found an exit through the horrors of the Abyss.
 90472 | Pan      | Noticed Cauqil the pandemonium lord
 90486 | Pan      | Killed Cauqil the pandemonium lord
 90822 | Pan      | Found an exit through the horrors of the Abyss.
 90916 | Pan      | Noticed Lehasyaw the pandemonium lord
 90959 | Pan      | Killed Lehasyaw the pandemonium lord
 91066 | Pan      | Got a vibrating silver ring
 91069 | Pan      | Identified the ring of Jephorchu {rF+ rN+ Str+2 Int-2} (You found it in Pandemonium)
 91213 | Pan      | Gained mutation: Your magical capacity is low. (-10% MP) [a neqoxec]
 91416 | Pan      | Noticed Lupasoam the pandemonium lord
 91431 | Pan      | Killed Lupasoam the pandemonium lord
 91728 | Pan      | Found an exit through the horrors of the Abyss.
 92418 | Pan      | Noticed Xashuc the pandemonium lord
 92439 | Pan      | Killed Xashuc the pandemonium lord
 92508 | Pan      | Found an exit through the horrors of the Abyss.
 93219 | Pan      | Found a huge runed gate.
 93284 | Pan      | Found an exit through the horrors of the Abyss.
 94121 | Pan      | Noticed Romoaqi the pandemonium lord
 94167 | Pan      | Killed Romoaqi the pandemonium lord
 94277 | Pan      | Found an exit through the horrors of the Abyss.
 94519 | Pan      | Noticed Xal Ostry the pandemonium lord
 94548 | Pan      | Killed Xal Ostry the pandemonium lord
 95056 | Pan      | Took an exit into the Abyss.
 95056 | Abyss:1  | Escaped into the Abyss
 95189 | Abyss:1  | Found an iron altar of Okawaru.
 95192 | Depths:3 | Escaped the Abyss
 95199 | Pan      | Entered Pandemonium
 95571 | Pan      | Got a shimmering chain mail
 95574 | Pan      | Identified the cursed +0 chain mail of the Many Planets {rElec MR- MP+9 Dex+5} (You took it off a red devil in Pandemonium)
 95654 | Pan      | Noticed Xeromaup the pandemonium lord
 95660 | Pan      | Killed Xeromaup the pandemonium lord
 96208 | Pan      | Found a huge runed gate.
 96949 | Pan      | Noticed Peyrhamp the pandemonium lord
 96974 | Pan      | Killed Peyrhamp the pandemonium lord
 97047 | Pan      | Identified a scroll of acquirement
 97085 | Pan      | Found an exit through the horrors of the Abyss.
 97204 | Pan      | Noticed Woblion the pandemonium lord
 97233 | Pan      | Killed Woblion the pandemonium lord
 97329 | Pan      | Got a shimmering large shield
 97344 | Pan      | Identified the +0 large shield of the Sun {*Slow MP+9 Int+9 Dex+3} (You acquired it in Pandemonium)
 97966 | Pan      | Noticed Pigifump the pandemonium lord
 97980 | Pan      | Killed Pigifump the pandemonium lord
 98006 | Pan      | Reached skill level 27 in Fighting
 98009 | Pan      | Found an exit through the horrors of the Abyss.
 98625 | Pan      | Noticed Ycopnemo the pandemonium lord
 98630 | Pan      | Killed Ycopnemo the pandemonium lord
 99413 | Depths:3 | Escaped Pandemonium
100389 | Hell     | Entered the Vestibule of Hell
100389 | Hell     | Noticed Geryon
100558 | Hell     | Killed Geryon
100929 | Hell     | Found a gateway to the freezing wastes of Cocytus.
101010 | Hell     | Found a gateway to the decaying netherworld of Tartarus.
101165 | Hell     | Found a gateway to the ashen valley of Gehenna.
101233 | Hell     | Found a gateway to the Iron City of Dis.
101365 | Coc:1    | Entered Level 1 of Cocytus
104534 | Coc:6    | Reached skill level 27 in Maces & Flails
105036 | Coc:6    | Reached skill level 27 in Armour
105044 | Coc:6    | Reached skill level 1 in Earth Magic
105424 | Coc:7    | Entered Level 7 of Cocytus
105721 | Coc:7    | Noticed Antaeus
105775 | Coc:7    | Killed Antaeus
106085 | Coc:7    | Got an icy rune of Zot
107196 | Dis:1    | Entered Level 1 of the Iron City of Dis
110309 | Dis:7    | Entered Level 7 of the Iron City of Dis
111011 | Dis:7    | Got a smoking glass ring
111014 | Dis:7    | Identified the ring "Equbiyr" {Ice *Contam +Inv Dex+3} (You found it on level 7 of the Iron City of Dis)
112020 | Dis:7    | Got a bound granite ring
112023 | Dis:7    | Identified the ring "Nuthuf" {rCorr +Fly rC+} (You took it off an iron imp on level 7 of the Iron City of Dis)
112294 | Dis:7    | Noticed Dispater
112326 | Dis:7    | Killed Dispater
112329 | Dis:7    | Found the +0 sword of Power
112365 | Dis:7    | Identified the Compendium of Dark Rites
112367 | Dis:7    | Got an iron rune of Zot
112376 | Dis:7    | Got a fine steel ring
112379 | Dis:7    | Identified the ring of Xom's Recklessness {Ice Int+3 SInv} (You took it off Dispater on level 7 of the Iron City of Dis)
112946 | Lair:5   | Learned a level 2 spell: Blink
113303 | Geh:1    | Entered Level 1 of Gehenna
113331 | Geh:1    | Reached skill level 1 in Spellcasting
113684 | Geh:2    | Reached skill level 5 in Spellcasting
113721 | Geh:2    | Reached skill level 1 in Translocations
114096 | Geh:2    | Reached skill level 5 in Translocations
114599 | Geh:3    | Cast into level 5 of the Abyss (the power of Zot)
114599 | Abyss:5  | Entered Level 5 of the Abyss
114861 | Geh:3    | Escaped the Abyss
115076 | Geh:3    | Reached skill level 10 in Spellcasting
117462 | Geh:7    | Entered Level 7 of Gehenna
118337 | Geh:7    | Found the +3 pair of gauntlets of War {Slay+5}
118416 | Geh:7    | Noticed Asmodeus
118443 | Geh:7    | Killed Asmodeus
118491 | Geh:7    | Identified the Reference Book on Torrid Calling
118510 | Geh:7    | Got a heavily runed plate armour
118513 | Geh:7    | Identified the +2 plate armour of Xipi Izi {rF+ rN+ Str-5 Slay+3} (You found it on level 7 of Gehenna)
118517 | Geh:7    | Found the +7 lajatang of Order {silver, rMut}
118570 | Geh:7    | Got an obsidian rune of Zot
118591 | Geh:7    | Got a glittering turquoise ring
118594 | Geh:7    | Identified the ring of Mixu {Ice Int+2} (You found it on level 7 of Gehenna)
118604 | Geh:7    | Got a transparent steel ring
118617 | Geh:7    | Identified the ring "Geti" {rC+ SInv} (You found it on level 7 of Gehenna)
118902 | Tar:1    | Entered Level 1 of Tartarus
119656 | Tar:1    | Reached skill level 15 in Invocations
120408 | Tar:2    | You are sucked into a shaft for 2 floors!
120705 | Tar:4    | Gained mutation: Armour fits poorly on your strangely shaped body. [mutagenic glow]
123227 | Tar:7    | Entered Level 7 of Tartarus
123446 | Tar:7    | Reached skill level 27 in Evocations
123450 | Tar:7    | Noticed the Serpent of Hell
123471 | Tar:7    | Killed the Serpent of Hell
123544 | Tar:7    | Noticed Ereshkigal
123568 | Tar:7    | Killed Ereshkigal
123828 | Tar:7    | Upgraded the game from 0.22-a0-63-geddfa9b to 0.22-a0-69-g116c2a8
123847 | Tar:7    | Noticed an ancient lich
123854 | Tar:7    | Killed an ancient lich
123877 | Tar:7    | Got a dazzling longbow
123880 | Tar:7    | Identified the +7 longbow of Magnificence {freeze, MR- Dex+4 Stlth+} (You found it on level 7 of Tartarus)
124050 | Tar:7    | Noticed an ancient lich
124060 | Tar:7    | Killed an ancient lich
124668 | Tar:7    | Got a bone rune of Zot
124726 | Tar:7    | Got a wavering jade amulet
124729 | Tar:7    | Identified the amulet "Xumeidav" {+Rage Str+4} (You found it on level 7 of Tartarus)
125161 | Slime:1  | Entered Level 1 of the Pits of Slime
126040 | Slime:2  | Paralysed by a floating eye for 4 turns
126041 | Slime:2  | Gained mutation: You are occasionally teleported next to monsters. [a shining eye]
126119 | Slime:2  | Paralysed by a floating eye for 3 turns
126737 | Slime:4  | Paralysed by a floating eye for 3 turns
126746 | Slime:3  | Paralysed by a floating eye for 4 turns
126756 | Slime:3  | Paralysed by a floating eye for 4 turns
127626 | Slime:5  | Entered Level 5 of the Pits of Slime
127626 | Slime:5  | Noticed Donald
127633 | Slime:5  | Killed Donald
127646 | Slime:5  | Paralysed by a floating eye for 2 turns
127654 | Slime:5  | Paralysed by a floating eye for 3 turns
127667 | Slime:5  | Paralysed by a floating eye for 3 turns
127734 | Slime:5  | Noticed the Royal Jelly
127848 | Slime:5  | Killed the Royal Jelly
127961 | Slime:5  | Found the amulet of the Air {Inacc +Fly rElec EV+5 RMsl}
127985 | Slime:5  | Got a translucent jade amulet
127988 | Slime:5  | Identified the amulet "Ufosim" {Spirit rElec rPois rF++ Str+3} (You found it on level 5 of the Pits of Slime)
128049 | Slime:5  | Got a slimy rune of Zot
128068 | Slime:5  | Got a wavering bronze ring
128071 | Slime:5  | Identified the ring of Puas {rPois rN+ Dex+2} (You found it on level 5 of the Pits of Slime)
128087 | Slime:5  | Identified Sif Muna's Incunabulum of Snow and Envenoming
128684 | Zot:1    | Entered Level 1 of the Realm of Zot
129355 | Zot:1    | Identified Qijox's Incunabulum of Shifting Evil Arts
129404 | Zot:1    | Noticed an orb of fire
129414 | Zot:1    | Killed an orb of fire
129646 | Zot:1    | Reached skill level 27 in Invocations
130777 | Zot:3    | Identified Sif Muna's Handbook of the Dark Voyage
131533 | Zot:5    | Entered Level 5 of the Realm of Zot
131647 | Zot:5    | Noticed an orb of fire
131650 | Zot:5    | Gained mutation: You are clumsy. (Dex -2) [an orb of fire]
131658 | Zot:5    | Killed an orb of fire
131704 | Zot:5    | Noticed an orb of fire
131716 | Zot:5    | Killed an orb of fire
131816 | Zot:5    | Reached skill level 27 in Dodging
131861 | Zot:5    | Noticed an orb of fire
131864 | Zot:5    | Noticed an orb of fire
131867 | Zot:5    | Lost mutation: Your magical capacity is low. (-10% MP) [an orb of fire]
131873 | Zot:5    | Noticed an ancient lich
131873 | Zot:5    | Killed an orb of fire
131886 | Zot:5    | Killed an orb of fire
131919 | Zot:5    | Noticed an orb of fire
131934 | Zot:5    | Killed an orb of fire
132023 | Zot:5    | Noticed an ancient lich
132029 | Zot:5    | Killed an ancient lich
132232 | Zot:5    | Noticed an orb of fire
132241 | Zot:5    | Killed an orb of fire
132243 | Zot:5    | Noticed an orb of fire
132256 | Zot:5    | Killed an orb of fire
132256 | Zot:5    | Reached skill level 27 in Shields
132493 | Zot:5    | Reached skill level 15 in Spellcasting
132580 | Zot:5    | Paralysed by an ancient lich for 5 turns
132588 | Zot:5    | Killed an ancient lich
132685 | Zot:5    | Noticed an ancient lich
132687 | Zot:5    | Noticed an ancient lich
132694 | Zot:5    | Killed an ancient lich
132700 | Zot:5    | Killed an ancient lich
133066 | Depths:4 | Voluntarily entered the Abyss.
133093 | Abyss:1  | Noticed a juggernaut
133108 | Abyss:1  | Killed a juggernaut
133231 | Abyss:1  | Gained mutation: Your magical capacity is low. (-10% MP) [a neqoxec]
133635 | Abyss:2  | Found a corrupted altar of Lugonu.
133865 | Abyss:4  | Found a corrupted altar of Lugonu.
133913 | Abyss:4  | Found a corrupted altar of Lugonu.
134060 | Abyss:5  | Entered Level 5 of the Abyss
134067 | Abyss:5  | Noticed an ancient lich
134084 | Abyss:5  | Killed an ancient lich
134102 | Abyss:5  | Found a transporter.
134180 | Abyss:5  | Found a transporter.
134185 | Abyss:5  | Found a transporter.
134187 | Abyss:5  | Got an abyssal rune of Zot
134286 | Depths:4 | Escaped the Abyss
134632 | Temple   | Fell from the grace of the Shining One
134632 | Temple   | Became a worshipper of Zin the Law-Giver
134632 | Temple   | Reached * piety under Zin
134632 | Temple   | Reached ** piety under Zin
134632 | Temple   | Reached *** piety under Zin
134632 | Temple   | Reached **** piety under Zin
134632 | Temple   | Reached ***** piety under Zin
134938 | Pan      | Entered Pandemonium
135161 | Pan      | Noticed Ziemarav the pandemonium lord
135175 | Pan      | Killed Ziemarav the pandemonium lord
135267 | Pan      | Found a runed door.
135613 | Pan      | Found an exit through the horrors of the Abyss.
135656 | Pan      | Reached ****** piety under Zin
136034 | Pan      | Noticed Vuonk the pandemonium lord
136046 | Pan      | Killed Vuonk the pandemonium lord
136829 | Pan      | Learned a level 8 spell: Controlled Blink
136988 | Pan      | Noticed Pecsir the pandemonium lord
136998 | Pan      | Killed Pecsir the pandemonium lord
137271 | Pan      | Lost mutation: Scrolls take you a little longer to read. [potion of mutation]
137271 | Pan      | Lost mutation: You are clumsy. (Dex -2) [potion of mutation]
137279 | Pan      | Found an exit through the horrors of the Abyss.
137305 | Pan      | Noticed Qujel the pandemonium lord
137318 | Pan      | Killed Qujel the pandemonium lord
138083 | Pan      | Noticed Xyloa the pandemonium lord
138098 | Pan      | Killed Xyloa the pandemonium lord
138951 | Pan      | Noticed Nougei the pandemonium lord
138967 | Pan      | Killed Nougei the pandemonium lord
139115 | Pan      | Lost mutation: You are robust. (+10% HP) [potion of mutation]
139115 | Pan      | Lost mutation: Your flesh is heat resistant. (rF+) [potion of mutation]
140111 | Pan      | Noticed Vuciorph the pandemonium lord
140128 | Pan      | Killed Vuciorph the pandemonium lord
140435 | Pan      | Found an exit through the horrors of the Abyss.
141058 | Pan      | Got a bloodstained hat
141059 | Pan      | Identified the +0 hat of Classification {rF+ rC- Int+3 Slay+2} (You acquired it in Pandemonium)
141354 | Pan      | Found an exit through the horrors of the Abyss.
141575 | Pan      | Got a jewelled hand crossbow
141576 | Pan      | Identified the +11 hand crossbow of Yredelemnul's Reproof {venom, Str+7} (You found it in Pandemonium)
141697 | Pan      | Noticed Acynufiz the pandemonium lord
141709 | Pan      | Killed Acynufiz the pandemonium lord
142620 | Pan      | Noticed Vyessan the pandemonium lord
142653 | Pan      | Killed Vyessan the pandemonium lord
143028 | Pan      | Found an exit through the horrors of the Abyss.
143485 | Pan      | Noticed Vetoaf the pandemonium lord
143492 | Pan      | Killed Vetoaf the pandemonium lord
143532 | Pan      | Identified Etib's Reference Book on Ashen Evil
143602 | Pan      | Found an exit through the horrors of the Abyss.
144164 | Pan      | Found an exit through the horrors of the Abyss.
144332 | Pan      | Noticed Tomamo Cibla the pandemonium lord
144340 | Pan      | Killed Tomamo Cibla the pandemonium lord
144570 | Pan      | Lost mutation: Your magical capacity is low. (-10% MP) [potion of mutation]
144570 | Pan      | Lost mutation: Armour fits poorly on your strangely shaped body. [potion of mutation]
144570 | Pan      | Lost mutation: You are partially covered in rugged brown scales. (AC +1, +3% HP) [potion of mutation]
145180 | Pan      | Noticed Ihusuxt the pandemonium lord
145181 | Pan      | Cast into level 4 of the Abyss (Ihusuxt)
145193 | Pan      | Escaped the Abyss
145209 | Pan      | Killed Ihusuxt the pandemonium lord
145399 | Pan      | Found an exit through the horrors of the Abyss.
145855 | Pan      | Found an exit through the horrors of the Abyss.
146086 | Pan      | Noticed Wokiok the pandemonium lord
146092 | Pan      | Killed Wokiok the pandemonium lord
146816 | Pan      | Noticed Enikhlum the pandemonium lord
146833 | Pan      | Killed Enikhlum the pandemonium lord
146833 | Pan      | Reached skill level 27 in Spellcasting
146881 | Pan      | Reached skill level 5 in Earth Magic
147484 | Pan      | Found an exit through the horrors of the Abyss.
147684 | Pan      | Reached skill level 10 in Earth Magic
147687 | Pan      | Noticed Jesuag the pandemonium lord
147727 | Pan      | Killed Jesuag the pandemonium lord
148049 | Pan      | Learned a level 1 spell: Summon Butterflies
148095 | Pan      | Reached skill level 1 in Summonings
148101 | Pan      | Found an exit through the horrors of the Abyss.
148342 | Pan      | Took an exit into the Abyss.
148342 | Abyss:1  | Escaped into the Abyss
148433 | Abyss:1  | Lost mutation: You are occasionally teleported next to monsters. [potion of mutation]
148910 | Depths:3 | Escaped the Abyss
148912 | Pan      | Entered Pandemonium
148928 | Pan      | Got a dazzling hat
148929 | Pan      | Identified the +0 hat of Thoughtfulness {Dex+3} (You acquired it in Pandemonium)
149007 | Pan      | Found an exit through the horrors of the Abyss.
149110 | Pan      | Noticed Dyets the pandemonium lord
149132 | Pan      | Killed Dyets the pandemonium lord
149132 | Pan      | Reached skill level 15 in Earth Magic
150070 | Pan      | Found a runed door.
150111 | Pan      | Learned a level 3 spell: Spectral Weapon
150145 | Pan      | Found a runed door.
150367 | Pan      | Reached skill level 1 in Hexes
150386 | Pan      | Reached skill level 1 in Charms
150474 | Pan      | Found a runed door.
150484 | Pan      | Found a runed door.
150808 | Pan      | Noticed Panuhary the pandemonium lord
150823 | Pan      | Killed Panuhary the pandemonium lord
150929 | Pan      | Found an exit through the horrors of the Abyss.
151386 | Pan      | Noticed Zazud the pandemonium lord
151393 | Pan      | Killed Zazud the pandemonium lord
151698 | Pan      | Reached skill level 5 in Hexes
151711 | Pan      | Reached skill level 5 in Charms
152242 | Pan      | Found an exit through the horrors of the Abyss.
152536 | Pan      | Noticed Niocem the pandemonium lord
152562 | Pan      | Killed Niocem the pandemonium lord
152663 | Pan      | Found a white marble altar of Elyvilon.
153891 | Pan      | Noticed a seraph
153915 | Pan      | Killed a seraph
154036 | Pan      | Found a glowing golden altar of the Shining One.
154075 | Pan      | Identified the Compendium of Assistive Summoning
154087 | Pan      | Identified Forohowat's Almanac of the Oath
154096 | Pan      | Learned a level 3 spell: Confuse
155245 | Pan      | Found a glowing silver altar of Zin.
155478 | Pan      | Got a polished large shield
155479 | Pan      | Identified the +7 large shield of Lifelessness {Dex+6} (You took it off a daeva in Pandemonium)
156082 | Depths:3 | Escaped Pandemonium
156090 | Pan      | Entered Pandemonium
156176 | Pan      | Noticed Daop the pandemonium lord
156212 | Pan      | Killed Daop the pandemonium lord
156374 | Pan      | Found an exit through the horrors of the Abyss.
157142 | Pan      | Found an exit through the horrors of the Abyss.
157197 | Pan      | Found a runed door.
157751 | Pan      | Noticed Rohiras the pandemonium lord
157776 | Pan      | Killed Rohiras the pandemonium lord
158288 | Pan      | Found an exit through the horrors of the Abyss.
158843 | Pan      | Found a runed door.
159800 | Pan      | Noticed Jaysixtuh the pandemonium lord
159811 | Pan      | Killed Jaysixtuh the pandemonium lord
159883 | Pan      | Noticed Yzxyt the pandemonium lord
160266 | Pan      | Reached skill level 27 in Earth Magic
160325 | Pan      | Learned a level 6 spell: Darkness
160439 | Pan      | Killed Yzxyt the pandemonium lord
160770 | Depths:3 | Escaped Pandemonium
161235 | Geh:7    | Learned a level 9 spell: Shatter
161768 | Tomb:1   | Entered Level 1 of the Tomb of the Ancients
161886 | Tomb:1   | Reached skill level 10 in Hexes
162177 | Tomb:1   | Noticed a greater mummy
162189 | Tomb:1   | Killed a greater mummy
162195 | Tomb:1   | Noticed a greater mummy
162199 | Tomb:1   | Killed a greater mummy
162633 | Tomb:2   | Noticed a greater mummy
162634 | Tomb:2   | Noticed a greater mummy
162634 | Tomb:2   | Noticed a greater mummy
162636 | Tomb:2   | Noticed a greater mummy
162647 | Tomb:2   | Killed a greater mummy
162709 | Tomb:2   | Killed a greater mummy
162982 | Tomb:2   | Killed a greater mummy
163000 | Tomb:2   | Killed a greater mummy
163290 | Tomb:1   | Noticed a greater mummy
163290 | Tomb:1   | Noticed a greater mummy
163290 | Tomb:1   | Noticed a greater mummy
163290 | Tomb:1   | Noticed a greater mummy
163291 | Tomb:1   | Killed a greater mummy
163302 | Tomb:1   | Killed a greater mummy
163303 | Tomb:1   | Noticed a greater mummy
163310 | Tomb:1   | Noticed a greater mummy
163555 | Tomb:1   | Killed a greater mummy
163565 | Tomb:1   | Killed a greater mummy
163570 | Tomb:1   | Killed a greater mummy
163580 | Tomb:1   | Killed a greater mummy
163580 | Tomb:1   | Reached skill level 15 in Hexes
163635 | Tomb:1   | Noticed a greater mummy
163644 | Tomb:1   | Killed a greater mummy
163732 | Tomb:1   | Noticed a greater mummy
163743 | Tomb:1   | Killed a greater mummy
163752 | Tomb:1   | Noticed a greater mummy
163760 | Tomb:1   | Killed a greater mummy
163774 | Tomb:1   | Noticed a greater mummy
163776 | Tomb:1   | Noticed a greater mummy
163787 | Tomb:1   | Noticed a greater mummy
164032 | Tomb:1   | Killed a greater mummy
164051 | Tomb:1   | Killed a greater mummy
164081 | Tomb:1   | Killed a greater mummy
164090 | Tomb:1   | Noticed a greater mummy
164097 | Tomb:1   | Killed a greater mummy
164142 | Tomb:1   | Noticed a greater mummy
164150 | Tomb:1   | Killed a greater mummy
164167 | Tomb:1   | Noticed a greater mummy
164176 | Tomb:1   | Killed a greater mummy
164201 | Tomb:1   | Noticed a greater mummy
164207 | Tomb:1   | Killed a greater mummy
164429 | Tomb:3   | Entered Level 3 of the Tomb of the Ancients
164467 | Tomb:3   | Noticed Boris
164472 | Tomb:3   | Noticed a greater mummy
164488 | Tomb:3   | Noticed a greater mummy
164494 | Tomb:3   | Killed a greater mummy
164499 | Tomb:3   | Noticed a greater mummy
164515 | Tomb:3   | Noticed a greater mummy
164515 | Tomb:3   | Noticed a greater mummy
164517 | Tomb:3   | Noticed a greater mummy
164520 | Tomb:3   | Noticed a greater mummy
164520 | Tomb:3   | Noticed a greater mummy
164520 | Tomb:3   | Noticed a greater mummy
164535 | Tomb:3   | Killed a greater mummy
164589 | Tomb:3   | HP: 1/214 [guardian mummy's death curse (27)]
164869 | Tomb:3   | Killed Boris
164879 | Tomb:3   | Killed a greater mummy
164886 | Tomb:3   | Killed a greater mummy
164926 | Tomb:2   | Killed a greater mummy
164926 | Tomb:2   | Reached skill level 10 in Translocations
165090 | Tomb:3   | Killed a greater mummy
165097 | Tomb:3   | Killed a greater mummy
165109 | Tomb:3   | Killed a greater mummy
165234 | Tomb:3   | Killed a greater mummy
165359 | Tomb:3   | Got a golden rune of Zot
165636 | Tomb:3   | Found the +15 Maxwell's patent armour {-Cast -Tele rElec MR+ rCorr}
165655 | Tomb:3   | Identified the Guide on Feathery Good Luck
165656 | Tomb:3   | Found the cursed necklace of Bloodlust {*Rage +Rage MR++ Int-3 Slay+6 *Curse}
165698 | Tomb:3   | Identified the Collected Works on Burning Hexes
165745 | Tomb:3   | Identified a +1 pair of boots of running (You found it on level 3 of the Tomb of the Ancients)
165758 | Tomb:3   | Learned a level 6 spell: Iron Shot
165774 | Tomb:3   | Learned a level 6 spell: Freezing Cloud
165782 | Tomb:3   | Got a warped marble ring
165807 | Tomb:3   | Identified the ring "Coumuan" {-Tele Str+4 Int+9 Dex+2 Stlth+} (You found it on level 3 of the Tomb of the Ancients)
166454 | Pan      | Entered Pandemonium
166490 | Pan      | Reached skill level 1 in Ice Magic
166496 | Pan      | Reached skill level 1 in Air Magic
166579 | Pan      | Noticed Soengesa the pandemonium lord
166595 | Pan      | Killed Soengesa the pandemonium lord
166714 | Pan      | Found an exit through the horrors of the Abyss.
167170 | Pan      | Noticed Uwapn the pandemonium lord
167187 | Pan      | Killed Uwapn the pandemonium lord
167187 | Pan      | Reached skill level 5 in Air Magic
167414 | Pan      | Reached skill level 1 in Conjurations
167561 | Pan      | Found an exit through the horrors of the Abyss.
167633 | Pan      | Reached skill level 5 in Conjurations
168190 | Pan      | Found an exit through the horrors of the Abyss.
168198 | Pan      | Noticed Bylass the pandemonium lord
168215 | Pan      | Killed Bylass the pandemonium lord
168952 | Pan      | Found an exit through the horrors of the Abyss.
169052 | Pan      | Reached skill level 10 in Conjurations
169391 | Pan      | Noticed Puadein the pandemonium lord
169413 | Pan      | Killed Puadein the pandemonium lord
169575 | Pan      | Noticed Jagevor the pandemonium lord
169589 | Pan      | Killed Jagevor the pandemonium lord
170055 | Pan      | Found an exit through the horrors of the Abyss.
170372 | Pan      | Found an exit through the horrors of the Abyss.
170494 | Pan      | Noticed Comuoh the pandemonium lord
170520 | Pan      | Killed Comuoh the pandemonium lord
170544 | Pan      | Learned a level 6 spell: Ozocubu's Refrigeration
170551 | Pan      | Learned a level 6 spell: Bolt of Cold
170557 | Pan      | Learned a level 5 spell: Metabolic Englaciation
170960 | Pan      | Reached skill level 15 in Conjurations
171003 | Pan      | Found an exit through the horrors of the Abyss.
171224 | Pan      | Noticed Ycwe the pandemonium lord
171232 | Pan      | Killed Ycwe the pandemonium lord
171804 | Pan      | Identified the Grimoire of Confrontation
172175 | Pan      | Noticed Yshef the pandemonium lord
172194 | Pan      | Killed Yshef the pandemonium lord
172470 | Pan      | Found an exit through the horrors of the Abyss.
172611 | Pan      | Noticed Iwnyb the pandemonium lord
172629 | Pan      | Killed Iwnyb the pandemonium lord
172629 | Pan      | Reached skill level 10 in Ice Magic
172814 | Pan      | Noticed Xosamm the pandemonium lord
172844 | Pan      | Killed Xosamm the pandemonium lord
172874 | Pan      | Found an exit through the horrors of the Abyss.
173625 | Pan      | Found an exit through the horrors of the Abyss.
173901 | Pan      | Noticed Pihaanam the pandemonium lord
173931 | Pan      | Killed Pihaanam the pandemonium lord
174507 | Pan      | Noticed Tide the pandemonium lord
174519 | Pan      | Killed Tide the pandemonium lord
174578 | Pan      | Found an exit through the horrors of the Abyss.
175078 | Pan      | Noticed Jayng the pandemonium lord
175096 | Pan      | Killed Jayng the pandemonium lord
176261 | Pan      | Noticed Ohofaid the pandemonium lord
176265 | Pan      | Killed Ohofaid the pandemonium lord
176825 | Pan      | Found an exit through the horrors of the Abyss.
176891 | Pan      | Reached skill level 15 in Ice Magic
177093 | Pan      | Noticed Saublir the pandemonium lord
177100 | Pan      | Killed Saublir the pandemonium lord
177791 | Pan      | Found an exit through the horrors of the Abyss.
178105 | Pan      | Found an exit through the horrors of the Abyss.
178383 | Pan      | Noticed Vanadweo the pandemonium lord
178410 | Pan      | Killed Vanadweo the pandemonium lord
178752 | Pan      | Noticed Imitoat the pandemonium lord
178770 | Pan      | Killed Imitoat the pandemonium lord
179032 | Pan      | Found an exit through the horrors of the Abyss.
179643 | Pan      | Found an exit through the horrors of the Abyss.
179860 | Pan      | Noticed Zateghunur the pandemonium lord
179874 | Pan      | Killed Zateghunur the pandemonium lord
180514 | Pan      | Noticed Zaluas the pandemonium lord
180523 | Pan      | Killed Zaluas the pandemonium lord
180742 | Pan      | Found an exit through the horrors of the Abyss.
181294 | Pan      | Found an exit through the horrors of the Abyss.
181361 | Pan      | Noticed Zeosoness the pandemonium lord
181574 | Pan      | Killed Zeosoness the pandemonium lord
182758 | Pan      | Found a transporter.
183371 | Pan      | Found a transporter.
183552 | Pan      | Was placed under penance by Zin
183854 | Pan      | Got an ancient lead ring
183855 | Pan      | Identified the ring "Riokutin" {*Tele *Slow rElec rPois SInv} (You found it in Pandemonium)
183871 | Pan      | Got a smoking glass ring
183872 | Pan      | Identified the ring "Jauhu" {Fire MR++ Dex+8 Slay-4 Stlth+} (You found it in Pandemonium)
183914 | Pan      | Was forgiven by Zin
184655 | Pan      | Found a runed door.
184790 | Pan      | HP: 7/214 [Brimstone Fiend/damnation (37)]
185330 | Pan      | Noticed Giray the pandemonium lord
185681 | Pan      | Noticed Duzeahou the pandemonium lord
185697 | Pan      | Killed Duzeahou the pandemonium lord
185746 | Pan      | Got a faintly glowing wooden ring
185747 | Pan      | Identified the ring "Luih" {*Tele *Corrode rN+ Slay+3 SInv} (You found it in Pandemonium)
186124 | Pan      | Noticed Azoss the pandemonium lord
186136 | Pan      | Killed Azoss the pandemonium lord
186656 | Pan      | Found an exit through the horrors of the Abyss.
186996 | Pan      | Found an exit through the horrors of the Abyss.
187552 | Pan      | Noticed Gikahil the pandemonium lord
187562 | Pan      | Killed Gikahil the pandemonium lord
188037 | Pan      | Found an exit through the horrors of the Abyss.
188294 | Pan      | Noticed Guesoe Mief the pandemonium lord
188318 | Pan      | Killed Guesoe Mief the pandemonium lord
188577 | Pan      | Took an exit into the Abyss.
188577 | Abyss:1  | Escaped into the Abyss
188695 | Abyss:1  | Learned a level 3 spell: Gell's Gravitas
189394 | Abyss:1  | Reached skill level 27 in Conjurations
189961 | Abyss:2  | Reached skill level 1 in Stealth
190193 | Abyss:2  | Reached skill level 5 in Stealth
190611 | Abyss:4  | Reached skill level 10 in Stealth
190667 | Abyss:4  | Found a corrupted altar of Lugonu.
190687 | Abyss:4  | Found a corrupted altar of Lugonu.
190907 | Abyss:4  | Paralysed by accursed screaming for 2 turns
190990 | Abyss:4  | Reached skill level 15 in Stealth
190999 | Depths:5 | Escaped the Abyss
191219 | Pan      | Entered Pandemonium
191221 | Pan      | Found an exit through the horrors of the Abyss.
192276 | Pan      | Noticed Meiwolaog the pandemonium lord
192292 | Pan      | Killed Meiwolaog the pandemonium lord
192962 | Pan      | Noticed Nitiluri the pandemonium lord
192982 | Pan      | Killed Nitiluri the pandemonium lord
193416 | Pan      | Got a spiked helmet
193429 | Pan      | Identified the +4 helmet of Twilight {Regen+ Str+2 Int+4} (You acquired it in Pandemonium)
193433 | Pan      | Got a wavering glass ring
193434 | Pan      | Identified the ring of Ronuung {rF+ Str+2} (You took it off a corrupter in Pandemonium)
193529 | Pan      | Found an exit through the horrors of the Abyss.
194032 | Pan      | Noticed Venuagim the pandemonium lord
194046 | Pan      | Killed Venuagim the pandemonium lord
194125 | Pan      | Found a runed door.
194823 | Pan      | Noticed Faanyfa the pandemonium lord
194830 | Pan      | Killed Faanyfa the pandemonium lord
194929 | Depths:5 | Escaped Pandemonium
195387 | Vaults:4 | You showed the slimy rune of Zot to enter a treasure trove
195388 | Trove    | Entered a treasure trove
195405 | Trove    | Got a bloodstained eveningstar
195406 | Trove    | Identified the +9 eveningstar of Guile {crush, Dex+2} (You found it in a treasure trove)
197113 | Zig:1    | Entered Level 1 of a ziggurat
197139 | Zig:2    | Entered Level 2 of a ziggurat
197175 | Zig:3    | Entered Level 3 of a ziggurat
197211 | Zig:4    | Entered Level 4 of a ziggurat
197258 | Zig:5    | Entered Level 5 of a ziggurat
197277 | Zig:5    | Got a steaming pewter amulet
197284 | Zig:5    | Got a scintillating glass ring
197287 | Zig:5    | Got a wavering golden ring
197289 | Zig:5    | Got a pitted bone ring
197292 | Zig:5    | Identified the amulet "Bebbisae" {-Tele Regen+ Int+2 Dex+4} (You found it on level 5 of a ziggurat)
197293 | Zig:5    | Identified the ring "Rifrok" {Int+7 Dex+3 SInv Stlth-} (You found it on level 5 of a ziggurat)
197294 | Zig:5    | Identified the ring of Hazach {rC+ MR+ Str+3 Int+5} (You found it on level 5 of a ziggurat)
197295 | Zig:5    | Identified the ring of Peapn {Ice *Slow rElec SInv Stlth+} (You found it on level 5 of a ziggurat)
197305 | Zig:6    | Entered Level 6 of a ziggurat
197388 | Zig:7    | Entered Level 7 of a ziggurat
197425 | Zig:7    | Identified Sif Muna's Collected Works on Mutagenic Beguiling
197428 | Zig:7    | Got a scorched amber ring
197437 | Zig:7    | Identified the ring of Beauty {rPois rC+ MR+ Str+2} (You found it on level 7 of a ziggurat)
197440 | Zig:8    | Entered Level 8 of a ziggurat
197463 | Zig:8    | Noticed a juggernaut
197512 | Zig:8    | Killed a juggernaut
197551 | Zig:9    | Entered Level 9 of a ziggurat
197604 | Zig:9    | Reached skill level 27 in Ice Magic
197649 | Zig:9    | Learned a level 4 spell: Fulminant Prism
197661 | Zig:10   | Entered Level 10 of a ziggurat
197707 | Zig:10   | Got a pair of scorched boots
197708 | Zig:10   | Identified the cursed +0 pair of boots of the Dungeon {rPois rC- rCorr Str-5} (You found it on level 10 of a ziggurat)
197728 | Zig:11   | Entered Level 11 of a ziggurat
197946 | Zig:12   | Entered Level 12 of a ziggurat
197962 | Zig:12   | Noticed Laceo the pandemonium lord
197991 | Zig:12   | Killed Laceo the pandemonium lord
197991 | Zig:12   | Reached skill level 15 in Translocations
198040 | Zig:12   | Got a translucent garnet amulet
198041 | Zig:12   | Identified the amulet of Lujucur {Faith Str+6 Dex-3 Stlth+} (You found it on level 12 of a ziggurat)
198232 | Zig:13   | Entered Level 13 of a ziggurat
198237 | Zig:13   | Noticed a juggernaut
198237 | Zig:13   | Noticed a juggernaut
198237 | Zig:13   | Noticed a juggernaut
198245 | Zig:13   | Noticed a juggernaut
198250 | Zig:13   | Killed a juggernaut
198257 | Zig:13   | Killed a juggernaut
198267 | Zig:13   | Killed a juggernaut
198275 | Zig:13   | Noticed a juggernaut
198290 | Zig:13   | Killed a juggernaut
198292 | Zig:13   | Killed a juggernaut
198384 | Zig:13   | Identified the Tome of Lucky Evil
198397 | Zig:13   | Identified the Disquisition on Cold and Curses
198412 | Zig:13   | Learned a level 8 spell: Discord
198435 | Zig:13   | Got a fine granite ring
198436 | Zig:13   | Identified the ring "Zudosh" {Int+3 Stlth+} (You found it on level 13 of a ziggurat)
198454 | Zig:14   | Entered Level 14 of a ziggurat
198603 | Zig:14   | Found the +3 giant club "Skullcrusher" {speed, Str+7}
198707 | Zig:15   | Entered Level 15 of a ziggurat
198717 | Zig:15   | Noticed an ancient lich
198781 | Zig:15   | Killed an ancient lich
198951 | Zig:15   | Identified the Compendium of the Mountains and Confrontation
198960 | Zig:15   | Identified the Reference Book on Poisoning and Dark Arts
198985 | Zig:16   | Entered Level 16 of a ziggurat
199182 | Zig:17   | Entered Level 17 of a ziggurat
199189 | Zig:17   | Paralysed by a floating eye for 3 turns
199205 | Zig:17   | Paralysed by a floating eye for 3 turns
199212 | Zig:17   | Paralysed by a floating eye for 2 turns
199220 | Zig:17   | Paralysed by a floating eye for 2 turns
199230 | Zig:17   | Paralysed by a floating eye for 3 turns
199240 | Zig:17   | Paralysed by a floating eye for 4 turns
199248 | Zig:17   | Paralysed by a floating eye for 2 turns
199255 | Zig:17   | Paralysed by a floating eye for 4 turns
199257 | Zig:17   | HP: 5/214 [reaper/scythe of freezing (26)]
199258 | Zig:17   | Slain by a phantasmal warrior

Vault maps used:
D:1:      nicolae_arrival_memento_mori, minmay_misc_feat_rows,
          kennysheep_another_room
D:2:      lemuel_coloured_pillars_altar, first_ration
D:3:      nicolae_overflow_crystal_walls, gup_sewer_entry_bubbles
D:4:      minmay_temple_entry_from_below_b
D:5:      basic_altar, uniq_blork_the_orc, uniq_ijyb
D:6:      serial_shops, shop_fountains, roderic_serpentine_path, uniq_edmund
D:7:      uniq_menkaure
D:8:      kennysheep_mini_moat
D:9:      lightli_temple_of_fire, nicolae_qazlal_general_emergency,
          old_standard_altar, grunt_lair_entry_orc_guard_hut
D:10:     hangedman_cross_veins, serial_bayou, serial_bayou_lagoon_a,
          serial_bayou_pond_a, serial_bayou_ford_a, serial_bayou_lagoon_b,
          serial_bayou_pond_c
D:11:     orc_0_dummy, uniq_nergalle
D:13:     erik_vaults_2, david_nohive_1, uniq_kirke, uniq_nessos, uniq_josephine
D:14:     serial_park_gazebo, bh_circular_ruins
D:15:     grunt_enter_depths_magical_seal
Temple:   eino_temple_rhombus
Lair:1:   gammafunk_cloud_chamber, basic_altar, small_statue_intersection,
          kennysheep_snail_temple, grunt_megastairs_2, lemuel_fruit_fields,
          lemuel_fruit_tree
Lair:2:   minmay_swamp_entry_swarm, roderic_carrion_pond,
          minmay_lair_oklob_chamber
Lair:3:   dummy_snake_entry, uniq_fannar
Lair:4:   special_room, kennysheep_catoblepas_arena
Lair:5:   slime_dummy, minivault_27, beast_lair_carwin_3, lemuel_fruit_fields,
          infiniplex_staircase_pool_2
Lair:6:   minmay_lair_end_enchanted_forest, serial_bayou_crossing, uniq_snorg
Swamp:1:  hangedman_swamp_ruin_wall
Swamp:2:  evilmike_swamp_ruin_house_1, swamp_pool1
Swamp:3:  cheibrodos_swamp_tower_of_moss, nicolae_swamp_very_dense_foliage
Swamp:4:  swamp_icy, ldierk_geyser
Snake:1:  st_stairs_7
Snake:2:  minmay_shop_grove
Snake:3:  special_room, serial_bayou_shore_b, uniq_vashnia
Snake:4:  minmay_snake_end_coiled, uniq_aizul
Slime:3:  cheibrodos_slime_lost_civilization_2
Slime:5:  uniq_donald
Orc:1:    serial_shops, nicolae_shop_competitors_out_of_business, uniq_maurice,
          uniq_erica
Orc:2:    grunt_orc_community_town_hall, grunt_orc_community_big_house_1,
          grunt_orc_community_big_house_1, grunt_orc_community_house_2,
          grunt_orc_community_house_1, grunt_orc_community_house_1,
          grunt_orc_community_house_2, grunt_orc_community_house_1,
          enter_volcano_3, minmay_orc_temple_b, uniq_erolcha
Elf:1:    serial_shops, shop_statue, minmay_elf_annihilation,
          kilobyte_rumbling_trees
Elf:2:    basic_stair_grate_trap, lemuel_elevator, uniq_azrael
Elf:3:    elf_hall, uniq_jorgrun, uniq_nikola
Vaults:1: hangedman_vaults_slice, vaults_room_pool,
          nicolae_vaults_network_periphery, nicolae_vaults_network_square,
          hangedman_vaults_slither, hangedman_vaults_nails,
          vaults_room_fancy_cross, dpeg_vaults_monster_row, vaults_dpeg_doors,
          nicolae_vaults_little_squares_2, nicolae_vaults_ring_of_whatevers,
          vaults_room_pool, uniq_asterion
Vaults:2: v_misc_13, minmay_crypt_entry_necro_gods,
          nicolae_vaults_circle_grid_b, nicolae_vaults_quartermaster, v_misc_17,
          nicolae_vaults_asterisk, hangedman_vaults_river_flow,
          nicolae_vaults_hallways_thing, vaults_room_ringed_pool,
          vaults_room_pools, ontoclasm_vaults_twist, hangedman_vaults_maws,
          hangedman_vaults_maws, serial_shops, shop, nicolae_shop_waterfront,
          uniq_mara
Vaults:3: vaults_dpeg_hooks, v_misc_27, hangedman_vaults_cutoff, v_misc_30,
          v_alt_pattern_1, vaults_room_stairs_pillars, vaults_room_fancy_cross,
          vaults_mumra_hex, special_room_vaults, v_misc_16,
          hangedman_vaults_pinch, vaults_standard_mumra_enter_the_diamond,
          vaults_room_large_hall
Vaults:4: hangedman_vaults_locks, v_misc_22, vaults_room_glass_cross,
          vaults_room_boxed, v_misc_22, vaults_mumra_minichess, v_rooms_2,
          vaults_room_octagon, vaults_mumra_lcd, v_misc_1, v_misc_8,
          nicolae_vaults_what_the_h, nicolae_trove_entry_crystal, serial_shops,
          nicolae_shop_crystal, nicolae_shop_crystal
Crypt:1:  corner_web_ring
Crypt:3:  grunt_crypt_end_deaths_head
Tomb:3:   uniq_boris
Depths:1: kennysheep_big_empty_room, grunt_hell_entry_dis_grunt,
          minmay_crystal_water, lightli_fourway_metalbox, uniq_enchantress
Depths:2: nooodl_glass_maze, pf_vacation_house_of_asmodeus
Depths:3: minmay_tearing_corner, hell_entry, pan_entry,
          hangedman_abyss_or_decor_lesser_grid, infiniplex_staircase_trident
Depths:4: minmay_three_patterns, abyss_entry, grunt_mini_vestibule, pan_entry,
          serial_bayou_shore_b
Depths:5: evilmike_zot_entry_gauntlet, enter_ziggurat_b,
          corexii_leaking_fountain, hell_entry, pan_entry, cheibriados_altar_1,
          uniq_xtahua
Dis:2:    hangedman_dis_decor_tower, grunt_dis_stairs_iron_hall
Dis:5:    hangedman_dis_decor_blocks_talon
Dis:7:    dis_st
Geh:3:    hangedman_elemental_grid_stream
Geh:7:    geh_mu
Coc:7:    coc_grunt_cove
Tar:1:    nicolae_tar_cuneiform_not, nicolae_tar_cuneiform_two,
          nicolae_tar_cuneiform_three
Tar:5:    nicolae_tar_cuneiform_oil
Tar:7:    tar_grunt_cathedral
Zot:1:    hangedman_zot_vaults_quadrants
Zot:3:    bh_zot_levy_curve
Zot:4:    kennysheep_spiral_hall
Zot:5:    hangedman_zot_gyre, basic_stair_grate_trap
Abyss:1:  evilmike_abyss_exit_10, bh_silent_lugonu_exit
Abyss:2:  evilmike_abyss_exit_11
Abyss:3:  doesnt_abyss_rune_brain_food
Abyss:4:  evilmike_abyss_exit_16, hangedman_abyss_feature_spike,
          bh_abyss_negative, bh_abyss_negative, evilmike_abyss_exit_kraken,
          minivault_28, evilmike_abyss_exit_6, abyss_fake_exit
Abyss:5:  grunt_abyss_exit_deep_breaths, minivault_1, evilmike_abyss_exit_16,
          evilmike_abyss_exit_chaos, hangedman_abyss_rune_macabre_mess,
          evilmike_abyss_exit_vortex, evilmike_abyss_exit_plants,
          gammafunk_abyss_rune_reverse_zot, evilmike_abyss_exit_6
Pan:      grunt_pan_spiral, evilmike_mini_pan_T, evilmike_gloorx_vloq_box,
          nicolae_pan_sigil_nadil, evilmike_mini_pan_thingy,
          grunt_pan_in_and_out, nicolae_pan_cerebovesque_2,
          nicolae_pan_sigil_eeng, evilmike_mini_pan_layers, grunt_pan_spiral,
          uniq_mennas_pan, lemuel_hall_of_pain, pan_blood_fountain,
          pan_captured_pigsty, pan_disco_hall, nicolae_pan_sick_transit,
          evilmike_mini_pan_thingy, pan_blood_fountain_2, special_room,
          grunt_pan_spiral, nicolae_pan_mnolegish_3, grunt_pan_frozen_over,
          evilmike_mnoleg_eyes, nicolae_pan_sigil_nadil, lom_lobon,
          nicolae_pan_lom_lobonic_2, cerebov_grunt, pan_blood_fountain_2,
          grunt_pan_spiral, nicolae_pan_door_chamber, pan_blood_fountain_small,
          grunt_pan_zigzag, grunt_pan_sceptre, nicolae_pan_giant_door,
          pan_blood_fountain, evilmike_mini_pan_corner, pan_blood_fountain,
          nicolae_pan_mnolegish_1, grunt_pan_sceptre, pan_blood_fountain_small,
          nicolae_pan_giant_door, nicolae_pan_gloorx_vloqian_4, rand_demon_3,
          pan_blood_fountain_small, nicolae_pan_cerebovesque_4,
          evilmike_mini_pan_doors_b, evilmike_mini_pan_possible_glass,
          regret_index_pan_draining_boxed, evilmike_mini_pan_branches,
          evilmike_mini_pan_pillars_b, evilmike_mini_pan_corridor,
          evilmike_mini_pan_corridor, pan_blood_fountain_small,
          lemuel_hellion_island, rand_demon_8, evilmike_mini_pan_T,
          pan_blood_fountain_small, special_room, evilmike_mini_pan_corridor,
          evilmike_mini_pan_layers, pan_blood_fountain_small,
          nicolae_pan_cerebovesque_2, evilmike_mini_pan_doors, rand_demon_1,
          pan_blood_fountain_small, nicolae_pan_door_chamber,
          pan_blood_fountain, evilmike_mini_pan_V, pan_blood_fountain_2,
          rand_demon_2, nicolae_pan_hourglass, pan_blood_fountain_2,
          nicolae_pan_lom_lobonic_1, rand_demon_7, evilmike_mini_pan_branches,
          pan_blood_fountain, rand_demon_4, nicolae_pan_sigil_eeng,
          evilmike_mini_pan_other_thingy, evilmike_holy_pan,
          nicolae_pan_door_chamber, nicolae_pan_mnolegish_2, rand_demon_9,
          evilmike_mini_pan_pillars, pan_blood_fountain, rand_demon_9,
          nicolae_pan_sigil_nadil, grunt_pan_spiral, evilmike_mini_pan_corridor,
          evilmike_mini_pan_thingy, pan_blood_fountain_small,
          nicolae_pan_sigil_itan, evilmike_mini_pan_doors,
          nicolae_pan_mnolegish_3, evilmike_mini_pan_branches,
          nicolae_pan_sigil_eeng, pan_surprise, nicolae_pan_double_arrow,
          evilmike_mini_pan_corner, rand_demon_1, special_room,
          pan_blood_fountain_small, nicolae_pan_lom_lobonic_4,
          grunt_pan_in_and_out, rand_demon_8, nicolae_pan_door_chamber,
          pan_blood_fountain_small, nicolae_pan_diamonds,
          pan_blood_fountain_small, evilmike_mini_pan_corner,
          nicolae_pan_door_chamber, evilmike_mini_pan_branches,
          evilmike_mini_pan_doors_b, rand_demon_4, grunt_pan_in_and_out,
          evilmike_mini_pan_corridor, evilmike_mini_pan_corridor,
          pan_blood_fountain_small, evilmike_mini_pan_corner,
          nicolae_pan_strange_glyphs, rand_demon_6, pan_blood_fountain,
          gammafunk_dig_for_victory, pan_blood_fountain_small, special_room,
          rand_demon_5, pan_blood_fountain_small, rand_demon_9,
          pan_blood_fountain_small, reaverb_pan_figure_eight,
          nicolae_pan_gloorx_vloqian_4, evilmike_mini_pan_pillars_b,
          grunt_pan_spiral, nicolae_pan_sigil_itan, rand_demon_2, rand_demon_8,
          rand_demon_5, evilmike_mini_pan_other_thingy,
          evilmike_mini_pan_branches, grunt_pan_in_and_out, pan_blood_fountain,
          nicolae_pan_lom_lobonic_3, rand_demon_9, pan_blood_fountain_small,
          nicolae_pan_cerebovesque_1
Zig:9:    ziggurat_pillar_centre_oklobs
Zig:16:   ziggurat_pillar_centre_dead_trees
Zig:17:   ziggurat_pillar_centre_c
Trove:    trove_weapon_2
Sewer:    sewer_the_crocodile
Volcano:  volcano_grotto

Skill      XL: |  1  2  3  4  5  6  7  8  9 10 11 12 13 14 15 16 17 18 19 20 21 22 23 24 25 26 27 |
---------------+----------------------------------------------------------------------------------+-----
Fighting       | 4 5 6 7 8 9 11 12 14 15 16 17 18 19 20 27 | 27.0
Dodging        | 2 3 4 5 6 12 13 14 27 | 27.0
Maces & Flails | 4 5 6 8 10 12 13 14 15 16 19 27 | 27.0
Armour         | 3 4 5 6 7 9 11 12 13 14 15 16 17 19 21 22 27 | 27.0
Shields        | 2 4 6 9 11 13 15 18 19 27 | 27.0
Evocations     | 2 5 7 8 9 11 12 15 16 27 | 27.0
Invocations    | 11 27 | 27.0
Earth Magic    | 27 | 27.0
Spellcasting   | 27 | 27.0
Translocations | 16 | 16.9
Summonings     | 1 |  1.4
Hexes          | 20 | 20.7
Charms         | 9 |  9.0
Ice Magic      | 27 | 27.0
Air Magic      | 5 |  5.9
Conjurations   | 27 | 27.0
Stealth        | 16 | 16.1

Action                   |  1- 3 |  4- 6 |  7- 9 | 10-12 | 13-15 | 16-18 | 19-21 | 22-24 | 25-27 || total
-------------------------+-------+-------+-------+-------+-------+-------+-------+-------+-------++-------
Melee: Mace              |   121 |   146 |   277 |       |       |       |       |       |       ||   544
       Dire flail        |       |       |   128 |   705 |   570 |       |       |       |       ||  1403
       Demon whip        |       |       |       |       |  1296 |  2444 |  2631 |   591 |       ||  6962
       Eveningstar       |       |       |       |       |       |       |       |  2030 |  6012 ||  8042
       Sacred scourge    |       |       |       |       |       |       |       |       | 22103 || 22103
       Staff             |       |       |       |       |       |       |       |       |     7 ||     7
 Cast: Ozocubu's Refrige |       |       |       |       |       |       |       |       |    22 ||    22
       Lee's Rapid Decon |       |       |       |       |       |       |       |       |     9 ||     9
       Blink             |       |       |       |       |       |       |       |       |     6 ||     6
       Gell's Gravitas   |       |       |       |       |       |       |       |       |     6 ||     6
       Freezing Cloud    |       |       |       |       |       |       |       |       |     2 ||     2
       Darkness          |       |       |       |       |       |       |       |       |     2 ||     2
       Bolt of Cold      |       |       |       |       |       |       |       |       |     1 ||     1
       Metabolic Englaci |       |       |       |       |       |       |       |       |     1 ||     1
       Shatter           |       |       |       |       |       |       |       |       |     1 ||     1
       Fulminant Prism   |       |       |       |       |       |       |       |       |     1 ||     1
Invok: Berserk           |       |     3 |     3 |     7 |    12 |    11 |    10 |     6 |       ||    52
       Trog's Hand       |       |       |       |       |       |     1 |     4 |     1 |     1 ||     7
       Brand Weapon With |       |       |       |       |       |       |       |       |     1 ||     1
       Recite            |       |       |       |       |       |       |       |       |    53 ||    53
       Cleansing Flame   |       |       |       |       |       |       |       |       |    15 ||    15
       Sanctuary         |       |       |       |       |       |       |       |       |     5 ||     5
       Divine Shield     |       |       |       |       |       |       |       |       |     5 ||     5
 Abil: Stop Flying       |       |       |       |       |       |       |       |     1 |       ||     1
       Fly               |       |       |       |       |       |       |       |       |     1 ||     1
Evoke: Wand              |       |       |       |       |     1 |     1 |       |     7 |    54 ||    63
       Fan of gales      |       |       |       |       |       |       |     1 |     1 |     2 ||     4
       Lightning rod     |       |       |       |       |       |       |       |       |    15 ||    15
       Lamp of fire      |       |       |       |       |       |       |       |       |     5 ||     5
       Phial of floods   |       |       |       |       |       |       |       |       |     3 ||     3
       Sack of spiders   |       |       |       |       |       |       |       |       |     2 ||     2
  Use: Scroll            |       |       |       |    14 |    12 |    12 |    20 |    17 |   108 ||   183
       Potion            |       |       |       |       |       |       |     6 |     3 |    40 ||    49
 Stab: Confused          |       |       |       |       |       |       |       |       |    41 ||    41
       Paralysed         |       |       |       |       |       |       |       |       |     9 ||     9
       Distracted        |       |       |       |       |       |       |       |       |     1 ||     1
  Eat: Chunk             |     1 |     9 |    14 |    20 |    41 |    22 |    28 |    31 |    92 ||   258
       Ration            |       |       |       |     2 |     2 |    10 |     7 |     5 |   110 ||   136
Armor: Animal skin       |    68 |       |       |       |       |       |       |       |       ||    68
       Ring mail         |       |    70 |    26 |       |       |       |       |       |       ||    96
       Chain mail        |       |       |   137 |   167 |       |       |       |       |       ||   304
       Plate armour      |       |       |       |   348 |   932 |   991 |  1037 |  1000 |       ||  4308
       Gold dragon scale |       |       |       |       |       |       |       |   244 |  8389 ||  8633
Dodge: Dodged            |   115 |    97 |   175 |   316 |   446 |   467 |   558 |   873 |  7597 || 10644
Block: Other             |       |       |       |    57 |    65 |       |       |       |       ||   122
       Shield            |       |       |       |       |   541 |  1275 |  1397 |  1739 |   518 ||  5470
       Large shield      |       |       |       |       |       |       |       |       | 27194 || 27194

Table legend:
 A = Spawn XP
 B = Non-spawn XP
 C = Spawn XP percentage of total XP
 D = Spawn monster count
 E = Non-spawn monster count
 F = Spawn count percentage of total count
 G = Total turns spent on level
                    A         B        C        D         E        F      G
               +---------+---------+-------+---------+---------+-------+---------
         Total |  952970 | 7694042 |  11.0 |    1416 |    8827 |  13.8 | 199258
               +---------+---------+-------+---------+---------+-------+---------
           D:1 |       0 |      51 |   0.0 |       0 |      26 |   0.0 |   851
           D:2 |       0 |      76 |   0.0 |       0 |      24 |   0.0 |  1547
           D:3 |       0 |      67 |   0.0 |       0 |      11 |   0.0 |   675
           D:4 |       0 |    1029 |   0.0 |       0 |      30 |   0.0 |  1040
           D:5 |       0 |     961 |   0.0 |       0 |      26 |   0.0 |  1244
           D:6 |       0 |    1321 |   0.0 |       0 |      25 |   0.0 |   847
           D:7 |       0 |    2131 |   0.0 |       0 |      29 |   0.0 |   794
           D:8 |       0 |    2375 |   0.0 |       0 |      30 |   0.0 |   679
           D:9 |       0 |    2878 |   0.0 |       0 |      22 |   0.0 |  1059
          D:10 |       0 |    8122 |   0.0 |       0 |      57 |   0.0 |  1152
          D:11 |       0 |    2836 |   0.0 |       0 |      25 |   0.0 |  1034
          D:12 |       0 |    2825 |   0.0 |       0 |      25 |   0.0 |   816
          D:13 |       0 |   18704 |   0.0 |       0 |      51 |   0.0 |  1199
          D:14 |       0 |    8780 |   0.0 |       0 |      34 |   0.0 |  1994
          D:15 |       0 |   17827 |   0.0 |       0 |      46 |   0.0 |  3334
        Lair:1 |       0 |    4686 |   0.0 |       0 |      17 |   0.0 |  1536
        Lair:2 |       0 |    4671 |   0.0 |       0 |      23 |   0.0 |  1437
        Lair:3 |       0 |   11013 |   0.0 |       0 |      38 |   0.0 |  1222
        Lair:4 |       0 |    4209 |   0.0 |       0 |      30 |   0.0 |   809
        Lair:5 |       0 |    6585 |   0.0 |       0 |      29 |   0.0 |  1350
        Lair:6 |       0 |   21564 |   0.0 |       0 |      72 |   0.0 |  1217
       Swamp:1 |       0 |   16756 |   0.0 |       0 |      53 |   0.0 |  1167
       Swamp:2 |       0 |   18569 |   0.0 |       0 |      52 |   0.0 |   954
       Swamp:3 |       0 |    5758 |   0.0 |       0 |      11 |   0.0 |   814
       Swamp:4 |       0 |   24641 |   0.0 |       0 |      70 |   0.0 |  2030
       Snake:1 |       0 |    7201 |   0.0 |       0 |      13 |   0.0 |   909
       Snake:2 |       0 |    9984 |   0.0 |       0 |      18 |   0.0 |   772
       Snake:3 |       0 |   33296 |   0.0 |       0 |      47 |   0.0 |  2775
       Snake:4 |       0 |   54754 |   0.0 |       0 |      91 |   0.0 |  2318
       Slime:1 |       0 |   28221 |   0.0 |       0 |      50 |   0.0 |   869
       Slime:2 |       0 |   11964 |   0.0 |       0 |      20 |   0.0 |   363
       Slime:3 |       0 |   17922 |   0.0 |       0 |      34 |   0.0 |   862
       Slime:4 |       0 |   25311 |   0.0 |       0 |      43 |   0.0 |   499
       Slime:5 |       0 |   51964 |   0.0 |       0 |      45 |   0.0 |   524
         Orc:1 |       0 |    4703 |   0.0 |       0 |      30 |   0.0 |   934
         Orc:2 |       0 |    8782 |   0.0 |       0 |      93 |   0.0 |  1337
         Elf:1 |       0 |   21051 |   0.0 |       0 |      37 |   0.0 |  1579
         Elf:2 |       0 |   58268 |   0.0 |       0 |      81 |   0.0 |  2228
         Elf:3 |       0 |   52813 |   0.0 |       0 |      54 |   0.0 |  2397
      Vaults:1 |       0 |   37681 |   0.0 |       0 |      57 |   0.0 |  2981
      Vaults:2 |       0 |   59690 |   0.0 |       0 |      92 |   0.0 |  2926
      Vaults:3 |       0 |   69138 |   0.0 |       0 |     112 |   0.0 |  2726
      Vaults:4 |       0 |  204401 |   0.0 |       0 |     214 |   0.0 |  3725
      Vaults:5 |       0 |   55310 |   0.0 |       0 |      42 |   0.0 |  1494
       Crypt:1 |       0 |   35953 |   0.0 |       0 |      54 |   0.0 |   653
       Crypt:2 |       0 |   37956 |   0.0 |       0 |      44 |   0.0 |   778
       Crypt:3 |       0 |   80980 |   0.0 |       0 |     131 |   0.0 |  1864
        Tomb:1 |       0 |  160976 |   0.0 |       0 |     104 |   0.0 |  1650
        Tomb:2 |       0 |   60798 |   0.0 |       0 |      70 |   0.0 |  1579
        Tomb:3 |       0 |   98480 |   0.0 |       0 |      95 |   0.0 |  1064
      Depths:1 |       0 |   70582 |   0.0 |       0 |      93 |   0.0 |  2862
      Depths:2 |       0 |   66062 |   0.0 |       0 |      82 |   0.0 |  3739
      Depths:3 |       0 |   80117 |   0.0 |       0 |      80 |   0.0 |  2618
      Depths:4 |       0 |   87773 |   0.0 |       0 |      80 |   0.0 |  2878
      Depths:5 |       0 |   85238 |   0.0 |       0 |      84 |   0.0 |  1601
          Hell |       0 |   80015 |   0.0 |       0 |     108 |   0.0 |  1096
         Dis:1 |       0 |   21811 |   0.0 |       0 |      45 |   0.0 |   514
         Dis:2 |       0 |   38309 |   0.0 |       0 |      89 |   0.0 |   653
         Dis:3 |       0 |   33969 |   0.0 |       0 |      66 |   0.0 |   785
         Dis:4 |       0 |    4172 |   0.0 |       0 |      10 |   0.0 |   149
         Dis:5 |       0 |   51632 |   0.0 |       0 |      73 |   0.0 |   852
         Dis:6 |       0 |    4826 |   0.0 |       0 |      13 |   0.0 |   160
         Dis:7 |       0 |  175133 |   0.0 |       0 |     185 |   0.0 |  2228
         Geh:1 |       0 |   15411 |   0.0 |       0 |      44 |   0.0 |   321
         Geh:2 |       0 |   45943 |   0.0 |       0 |     109 |   0.0 |   878
         Geh:3 |       0 |   77604 |   0.0 |       0 |     134 |   0.0 |   937
         Geh:4 |       0 |   48803 |   0.0 |       0 |      81 |   0.0 |   746
         Geh:5 |       0 |   32729 |   0.0 |       0 |      69 |   0.0 |   860
         Geh:6 |       0 |   34365 |   0.0 |       0 |      69 |   0.0 |   380
         Geh:7 |       0 |   93854 |   0.0 |       0 |     113 |   0.0 |  1684
         Coc:1 |       0 |   43350 |   0.0 |       0 |      83 |   0.0 |  1063
         Coc:2 |       0 |   30755 |   0.0 |       0 |      46 |   0.0 |   936
         Coc:3 |       0 |   10078 |   0.0 |       0 |      24 |   0.0 |   170
         Coc:4 |       0 |   25711 |   0.0 |       0 |      34 |   0.0 |   333
         Coc:5 |       0 |   36186 |   0.0 |       0 |      41 |   0.0 |   543
         Coc:6 |       0 |   83227 |   0.0 |       0 |      85 |   0.0 |  1014
         Coc:7 |       0 |  160953 |   0.0 |       0 |     158 |   0.0 |  1735
         Tar:1 |       0 |   69191 |   0.0 |       0 |      82 |   0.0 |   985
         Tar:2 |       0 |   16311 |   0.0 |       0 |      31 |   0.0 |   521
         Tar:4 |       0 |   66796 |   0.0 |       0 |      95 |   0.0 |   993
         Tar:5 |       0 |   25194 |   0.0 |       0 |      30 |   0.0 |   609
         Tar:6 |       0 |   67539 |   0.0 |       0 |     111 |   0.0 |  1217
         Tar:7 |       0 |  203470 |   0.0 |       0 |     151 |   0.0 |  1544
         Zot:1 |       0 |  119315 |   0.0 |       0 |      66 |   0.0 |   859
         Zot:2 |       0 |   42297 |   0.0 |       0 |      19 |   0.0 |   468
         Zot:3 |       0 |   88935 |   0.0 |       0 |      50 |   0.0 |   710
         Zot:4 |       0 |   58783 |   0.0 |       0 |      32 |   0.0 |   677
         Zot:5 |       0 |  230074 |   0.0 |       0 |      69 |   0.0 |  1343
       Abyss:1 |   57298 |   77184 |  42.6 |      69 |     118 |  36.9 |  2476
       Abyss:2 |   34920 |   35744 |  49.4 |      74 |      76 |  49.3 |  1931
       Abyss:3 |    6158 |       0 | 100.0 |      10 |       0 | 100.0 |   222
       Abyss:4 |   42806 |   19199 |  69.0 |      59 |      45 |  56.7 |   829
       Abyss:5 |   32108 |   28958 |  52.6 |      45 |      32 |  58.4 |   488
           Pan |  779680 | 3215355 |  19.5 |    1159 |    2913 |  28.5 | 78020
         Zig:1 |       0 |    1262 |   0.0 |       0 |       2 |   0.0 |    26
         Zig:2 |       0 |    2251 |   0.0 |       0 |       2 |   0.0 |    36
         Zig:3 |       0 |    3965 |   0.0 |       0 |       3 |   0.0 |    36
         Zig:4 |       0 |    5481 |   0.0 |       0 |       5 |   0.0 |    47
         Zig:5 |       0 |    4929 |   0.0 |       0 |      13 |   0.0 |    47
         Zig:6 |       0 |    9834 |   0.0 |       0 |      10 |   0.0 |    83
         Zig:7 |       0 |    9345 |   0.0 |       0 |      12 |   0.0 |    52
         Zig:8 |       0 |   13517 |   0.0 |       0 |      18 |   0.0 |   111
         Zig:9 |       0 |   11048 |   0.0 |       0 |      18 |   0.0 |   110
        Zig:10 |       0 |   16024 |   0.0 |       0 |      21 |   0.0 |    67
        Zig:11 |       0 |   20238 |   0.0 |       0 |      15 |   0.0 |   218
        Zig:12 |       0 |   44224 |   0.0 |       0 |      16 |   0.0 |   286
        Zig:13 |       0 |   49708 |   0.0 |       0 |      17 |   0.0 |   222
        Zig:14 |       0 |   32703 |   0.0 |       0 |      25 |   0.0 |   253
        Zig:15 |       0 |   41332 |   0.0 |       0 |      26 |   0.0 |   278
        Zig:16 |       0 |   19051 |   0.0 |       0 |      30 |   0.0 |   197
        Zig:17 |       0 |   24521 |   0.0 |       0 |      19 |   0.0 |    76
         Sewer |       0 |     118 |   0.0 |       0 |       6 |   0.0 |   124
       Volcano |       0 |    5506 |   0.0 |       0 |      24 |   0.0 |   575
               +---------+---------+-------+---------+---------+-------+---------
